 Dungeon Crawl Stone Soup version 0.32-a0-913-g739538afd8 (webtiles) character file.

Game seed: 4057978551089869769

1760179 notthatgreg the Toy (level 26, 213/213 HPs)
             Began as a Gnoll Chaos Knight on Apr 3, 2024.
             Was a Favourite Plaything of Xom.
             Escaped with the Orb
             ... and 3 runes on Apr 10, 2024!
             The game lasted 07:31:35 (59282 turns).

notthatgreg the Toy (Gnoll Chaos Knight)           Turns: 59282, Time: 07:31:35

Health: 213/213    AC:  0    Str: 14    XL:     26   Next: 32%
Magic:  44/44      EV: 20    Int: 21    God:    Xom [..*...]
Gold:   1024       SH:  0    Dex: 14    Spells: 7/60 levels left

rFire   . .          .
                       - Unarmed
rCold   + . .        (no shield)
rNeg    . . .        (no body armour)
rPois   .            (helmet restricted)
rElec   +            (no cloak)
rCorr   .            (no gloves)
SInv    .            (no boots)
Will    +....        (no amulet)
Stlth   +++          (no ring)
HPRegen 1.35/turn    (no ring)
MPRegen 0.29/turn

%: clarity
@: hasted, very quick
A: fangs 1, strong nose, distributed training, antennae 1, clarity, clever 1,
cold resistance 1, regeneration 1, electricity resistance, MP-powered wands
0: Orb of Zot
}: 3/15 runes: decaying, serpentine, slimy
a: Renounce Religion


You escaped.
You worshipped Xom.
You were a toy of Xom.
You visited 10 branches of the dungeon, and saw 51 of its levels.
You also visited: Trove, Volcano and Wizlab.

You collected 5209 gold pieces.
You spent 4185 gold pieces at shops.

Inventory:

Hand Weapons
 a - a +0 great mace
 b - a +0 great mace
 c - a +2 hammer of holy wrath
 d - a +0 mace of chaos
 e - a +0 mace
 f - a +3 mace
 g - a +3 mace of holy wrath
 h - a +0 mace
 i - a +0 mace
 j - a +6 mace
 k - a +0 great mace of protection
 l - a +0 mace
 m - a +1 great mace
 n - a +0 great mace
 o - a +0 great mace
 p - a +0 mace
 q - a +0 mace
 r - a +0 mace
 s - a +0 mace
 t - a +2 great mace of flaming
 u - a +0 mace
 v - a +9 quarterstaff of chaos {hold on}
 w - a +2 mace of protection
 x - a +0 great mace
 y - a +0 great mace
 z - a +2 mace of draining
 A - a +0 great mace of flaming
 B - a +2 mace of protection
 C - a +0 great mace
 D - a +0 mace
 E - a +1 mace of draining
 F - a +0 mace
 G - a +0 mace
 H - a +0 great mace
 I - a +0 mace
 J - a +0 great mace of protection
 K - a +0 mace
 L - a +0 mace
 M - a +2 great mace of protection
 N - a +0 mace
 O - a +0 mace
 P - a +0 great mace
 Q - a +0 mace
 R - a +0 mace
 S - a +0 great mace
 T - a +0 mace
 U - a +3 mace of chaos
 V - a +0 mace
 W - a +3 mace
 X - a +0 club
 Z - a +0 mace


   Skills:
 + Level 18.7 Fighting
 + Level 17.7 Short Blades
 + Level 17.7 Long Blades
 + Level 17.7 Axes
 + Level 18.7 Maces & Flails
 + Level 17.7 Polearms
 + Level 17.7 Staves
 + Level 17.7 Ranged Weapons
 + Level 17.7 Throwing
 + Level 18.2 Armour
 + Level 17.9 Dodging
 + Level 17.7 Stealth
 + Level 17.7 Shields
 + Level 17.7 Unarmed Combat
 + Level 17.7 Spellcasting
 + Level 15.1 Conjurations
 + Level 15.1 Hexes
 + Level 15.1 Summonings
 + Level 15.1 Necromancy
 + Level 15.1 Translocations
 + Level 15.1 Fire Magic
 + Level 15.1 Ice Magic
 + Level 15.1 Air Magic
 + Level 15.1 Earth Magic
 + Level 15.1 Alchemy
 + Level 19.1 Invocations
 + Level 17.7 Evocations
 + Level 16.3 Shapeshifting


You had 7 spell levels left.
You knew the following spells:

 Your Spells              Type           Power      Damage    Failure   Level
a - Summon Blazeheart Go  Fire/Summ      70%        N/A       1%          4
b - Maxwell's Portable P  Tloc           70%        2d(12-34) 1%          3
c - Lee's Rapid Deconstr  Erth           35%        3d18*     1%          5
d - Borgnjor's Vile Clut  Necr/Erth      35%        N/A       1%          5
e - Permafrost Eruption   Ice/Erth       35%        2x4d8     1%          6
f - Yara's Violent Unrav  Hex/Alch       35%        3d14      1%          5
g - Spellforged Servitor  Conj/Summ      35%        N/A       4%          7
h - Freezing Cloud        Conj/Ice/Air   35%        6-21      1%          5
i - Haunt                 Necr/Summ      35%        N/A       4%          7
j - Bombard               Conj/Erth      35%        9d6       1%          6

Your spell library contained the following spells:

 Spells                   Type           Power      Damage    Failure   Level
 Foxfire                  Conj/Fire      100%       2x1d9     0%          1
 Magic Dart               Conj           100%       1d8       0%          1
 Necrotise                Necr           100%       1d9       0%          1
 Shock                    Conj/Air       100%       1d9       0%          1
 Summon Small Mammal      Summ           100%       N/A       0%          1
 Blink                    Tloc           100%       N/A       0%          2
 Call Imp                 Summ           100%       N/A       0%          2
 Cigotuvi's Dreadful Rot  Necr/Alch/Air  100%       N/A       0%          2
 Ensorcelled Hibernation  Hex/Ice        100%       N/A       0%          2
 Lesser Beckoning         Tloc           100%       N/A       0%          2
 Mercury Vapours          Alch/Air       100%       N/A       0%          2
 Momentum Strike          Conj/Tloc      100%       3d10      0%          2
 Searing Ray              Conj           100%       2d8       0%          2
 Static Discharge         Conj/Air       100%       3-8/arc   0%          2
 Call Canine Familiar     Summ           70%        N/A       1%          3
 Inner Flame              Hex/Fire       70%        N/A       1%          3
 Mephitic Cloud           Conj/Alch/Air  70%        N/A       1%          3
 Passwall                 Erth           70%        N/A       1%          3
 Stone Arrow              Conj/Erth      100%       3d13      1%          3
 Summon Ice Beast         Ice/Summ       70%        N/A       1%          3
 Swiftness                Air            70%        N/A       1%          3
 Teleport Other           Tloc           70%        N/A       1%          3
 Tukima's Dance           Hex            70%        N/A       1%          3
 Volatile Blastmotes      Fire/Tloc      100%       2d18      1%          3
 Airstrike                Air            35%        2d(5-21)  1%          4
 Animate Armour           Summ/Erth      100%       N/A       1%          4
 Animate Dead             Necr           70%        N/A       1%          4
 Brom's Barrelling Bould  Conj/Erth      70%        2d8       1%          4
 Flame Wave               Conj/Fire      70%        2d16      1%          4
 Fulminant Prism          Conj/Alch      35%        3d17      1%          4
 Ignite Poison            Fire/Alch      70%        N/A       1%          4
 Iskenderun's Mystic Bla  Conj/Tloc      70%        2d14      (+2d81%     4
 Leda's Liquefaction      Alch/Erth      35%        N/A       1%          4
 Martyr's Knell           Necr/Summ      70%        N/A       1%          4
 Olgreb's Toxic Radiance  Alch           70%        N/A       1%          4
 Passage of Golubria      Tloc           70%        N/A       1%          4
 Petrify                  Alch/Erth      70%        N/A       1%          4
 Sticky Flame             Fire/Alch      70%        2d11      1%          4
 Summon Lightning Spire   Summ/Air       70%        N/A       1%          4
 Fireball                 Conj/Fire      35%        3d15      1%          5
 Iskenderun's Battlesphe  Conj           70%        2d12      1%          5
 Metabolic Englaciation   Hex/Ice        35%        N/A       1%          5
 Silence                  Hex/Air        35%        N/A       1%          5
 Summon Mana Viper        Hex/Summ       70%        N/A       1%          5
 Conjure Ball Lightning   Conj/Air       35%        3x3d11    1%          6
 Death Channel            Necr           35%        N/A       1%          6
 Dispersal                Tloc           35%        N/A       1%          6
 Gell's Gavotte           Tloc           35%        2d(27-40) 1%          6
 Sculpt Simulacrum        Ice/Alch       35%        N/A       1%          6
 Manifold Assault         Tloc           35%        N/A       4%          7
 Monstrous Menagerie      Summ           35%        N/A       4%          7
 Orb of Destruction       Conj           35%        9d10      4%          7
 Ozocubu's Refrigeration  Ice            35%        4d15      4%          7
 Borgnjor's Revivificati  Necr           35%        N/A       36%         8
 Discord                  Hex            35%        N/A       36%         8
 Disjunction              Tloc           35%        N/A       36%         8
 Infestation              Necr           35%        N/A       36%         8
 Lehudib's Crystal Spear  Conj/Erth      35%        10d9      36%         8
 Chain Lightning          Conj/Air       35%        3d46      99%         9
 Death's Door             Necr           35%        N/A       99%         9
 Polar Vortex             Ice            35%        12d4*     99%         9


Dungeon Overview and Level Annotations

Branches:
Dungeon (15/15)            Temple (0/1) D:7            Lair (5/5) D:9
  Swamp (4/4) Lair:3        Snake (4/4) Lair:2        Slime (5/5) Lair:4
    Orc (2/2) D:11            Elf (3/3) Orc:2        Vaults (4/5) D:14
  Crypt (0/3) Vaults:2     Depths (4/4) D:15            Zot (5/5) Depths:4
Volcano (visited)          WizLab (visited)

Altars:
Cheibriados
Dithmenos
Fedhas
Gozag
Nemelex Xobeh
Okawaru
Sif Muna
Uskayaw
Wu Jian
Xom
Zin
The Shining One
Beogh
Jiyva

Shops:
D:10 ?   D:11 *   Orc:2 *!**   Snake:1 (   Snake:3 (*[   Vaults:1 [
Vaults:2 ![   Vaults:3 (:(:*   Depths:2 ==:

Portals:
Hell: Depths:1 Depths:2 Depths:3 Depths:4
Abyss: Depths:3
Pandemonium: Depths:2*
Ziggurat: Depths:3

Annotations:
Snake:2 2 runed translucent doors, Daofuen's ghost, adept DrSh
Zot:5 1 runed translucent door, 1 exclusion, Qephaces's ghost, veteran GnGl


Innate Abilities, Weirdness & Mutations

You have very sharp teeth.
Your uncanny sense of smell can sniff out nearby items.
Your experience applies equally to all skills.
You have a pair of small antennae on your head.
You possess an exceptional clarity of mind.
Your mind is acute. (Int +4, Str/Dex -1)
Your flesh is cold resistant. (rC+)
Your natural rate of healing is unusually fast.
You are resistant to electric shocks. (rElec)
You expend magic power (3 MP) to strengthen your wands.


Message History

t - a +2 great mace of flaming;
A - a +0 great mace of flaming
n - a +0 great mace;
m - a +1 great mace;
o - a +0 great mace
x - a +0 great mace;
C - a +0 great mace;
H - a +0 great mace
J - a +0 great mace of protection;
M - a +2 great mace of protection
P - a +0 great mace;
S - a +0 great mace;
a - a +0 great mace
b - a +0 great mace;
y - a +0 great mace
c - a +2 hammer of holy wrath;
d - a +0 mace of chaos;
e - a +0 mace
f - a +3 mace;
g - a +3 mace of holy wrath;
r - a +0 mace;
h - a +0 mace
i - a +0 mace;
j - a +6 mace;
l - a +0 mace;
p - a +0 mace;
q - a +0 mace
s - a +0 mace;
u - a +0 mace;
w - a +2 mace of protection
z - a +2 mace of draining;
B - a +2 mace of protection;
D - a +0 mace
E - a +1 mace of draining;
F - a +0 mace;
G - a +0 mace;
I - a +0 mace
K - a +0 mace;
L - a +0 mace;
N - a +0 mace;
O - a +0 mace;
Z - a +0 mace
Q - a +0 mace;
R - a +0 mace;
T - a +0 mace;
U - a +3 mace of chaos
V - a +0 mace;
W - a +3 mace
There is a staircase leading out of the dungeon, spattered with blood here.
You see here a +0 club.
Press: ? - help, v - describe, . - travel A stone wall.
This square is covered in magical glow.
There is a stone staircase leading down here.
You climb downwards.
There is a stone staircase leading up here.
Press: ? - help, v - describe, . - travel, g - get item
Items here: !!!!!!!!!!!!! "" (( ) //// == ????????? [[[[[[[ }}}}.
The floor.
This square is covered in magical glow.
Search for what [Enter for "irrad", or ? for help]? quarterstaff Search for what [Enter for "quarterstaff", or ? for help]? mace Unknown command.
You climb upwards.
There is a stone staircase leading down here.
Press: ? - help, v - describe, . - travel, g - get item Item here: a +0 club.
A staircase leading out of the dungeon, spattered with blood.
This square is covered in magical glow.
There is a staircase leading out of the dungeon, spattered with blood here.
You see here a +0 club.
X - a +0 club You have escaped!

#.# ##.......'......# #.#
#.......##.....# #.#
#..............# #.#
#...####.......#
#.##############....#.....#
#.##.....................##
#.)..###+#######+###.....#
###..#..⌠...>...⌠..#..####
##(#......@÷.....#..#
#.'⌠....###....⌠'..#######
#.#.......÷.....#).....#..
#.#######÷#######.####.÷.#
#.#.......÷.....#.# ##...
#.#......[......#.# #.##
#.#.............#.#####.##
#.###############.##......
#...).............##.###..


There were no monsters in sight!

Vanquished Creatures
  An orb of fire (Zot:2)
  An ancient lich (Depths:3)
  2 juggernauts (Depths:2)
  Vashnia (Snake:2)
  the Lernaean hydra (Swamp:4)
  7 golden dragons
  2 antique champions (WizLab)
  Nikola (Elf:3)
  9 caustic shrikes
  A curse toe (Zot:3)
  Norris (Depths:2)
  A bone dragon (Vaults:2)
  3 tentacled monstrosities
  Zenata (Vaults:1)
  A walking earthen tome (Depths:1)
  3 deep elf blademasters
  An Orb Guardian (D:15)
  A walking divine tome (Depths:3)
  A deep elf master archer (Elf:3)
  An ancient champion (WizLab)
  4 quicksilver dragons
  4 liches
  23 acid blobs
  A walking frostbound tome (Depths:3)
  Asterion (Depths:2)
  A tentacled starspawn (Lair:1)
  2 sphinxes
  2 death cobs
  Gastronok (D:8)
  Kirke (Swamp:1)
  A thorn hunter (Swamp:4)
  2 shadow dragons
  A tengu reaver (Depths:4)
  Donald (Snake:4)
  4 storm dragons
  4 draconian monks (Depths:4)
  7 nagarajas
  7 frost giants
  14 rockslimes
  5 fire giants
  A draconian shifter (Zot:2)
  2 iron dragons (Depths:3)
  2 draconian knights
  9 azure jellies
  6 deep elf sorcerers
  2 protean progenitors (Zot:2)
  2 draconian scorchers
  5 deep elf elementalists (Elf:3)
  9 vault wardens
  2 orc warlords (Orc:2)
  A ghost moth (Zot:3)
  A balrug (Depths:3)
  A caustic shrike zombie (Depths:2)
  An angel (D:9)
  2 juggernaut zombies (WizLab)
  6 formless jellyfish
  6 quicksilver oozes
  2 spriggan defenders (Depths:2)
  14 very ugly things
  7 ironbound preservers
  13 stone giants
  A deep elf death mage (Elf:3)
  2 vampire knights
  8 ironbound thunderhulks
  2 juggernaut skeletons (WizLab)
  11 black draconians
  4 eleionomae
  6 white draconians
  5 green draconians
  4 purple draconians
  7 spark wasps
  5 deep elf demonologists
  14 dire elephants
  6 red draconians
  4 yellow draconians
  4 bunyips
  7 deep elf annihilators
  A blizzard demon (D:6)
  10 ettins
  A merfolk impaler (Depths:3)
  4 jiangshi (WizLab)
  A shambling mangrove (Swamp:2)
  Harold (D:9)
  An entropy weaver (Vaults:2)
  2 deep elf high priests (Elf:3)
  3 salamander tyrants
  9 great orbs of eyes
  A quicksilver dragon skeleton (Vaults:4)
  4 rakshasas
  2 spriggan air magi
  15 fire dragons
  12 hydras
  5 ice dragons
  6 yaktaur captains
  4 vault guards
  Fannar (Lair:1)
  A catoblepas (Slime:5)
  A sphinx zombie (Depths:2)
  A hell beast (Depths:2)
  A juggernaut simulacrum (WizLab)
  15 alligators
  12 centaur warriors
  11 anacondas
  A caustic shrike simulacrum (Depths:2)
  A deep troll shaman (Depths:2)
  10 ironbound frosthearts
  32 dancing weapons
  A two-headed ogre (shapeshifter) (Depths:2)
  An alligator (shapeshifter) (Elf:1)
  6 boulder beetles
  8 two-headed ogres
  A vampire mage (Depths:2)
  2 deep troll earth magi
  14 naga sharpshooters
  5 hell knights
  8 death yaks
  4 orc high priests (Orc:2)
  6 shock serpents
  5 tengu warriors
  14 naga warriors
  8 spriggans
  A spriggan berserker (Depths:2)
  A titan skeleton (Depths:2)
  18 deep elf knights
  3 salamander mystics
  Amaemon (Lair:2)
  3 sun demons
  A sixfirhy (D:3)
  3 spectral death yaks (Lair:5)
  5 skysharks
  2 flayed ghosts (Depths:3)
  2 goliath frogs
  6 glowing orange brains
  9 skeletal warriors
  2 death drakes (Depths:4)
  A skyshark (shapeshifter) (Depths:3)
  16 deep elf archers
  24 deep trolls
  A spectral anaconda (Lair:5)
  14 swamp dragons
  3 naga ritualists
  3 arcanists
  A spriggan druid (Swamp:1)
  A golden dragon skeleton (WizLab)
  3 mana vipers
  9 necromancers
  4 bog bodies
  13 ironbound convokers
  11 lindwurms
  8 thermic dynamos
  An obsidian statue (Lair:5)
  3 obsidian bats
  26 deep elf pyromancers
  A sphinx simulacrum (Depths:2)
  3 orc knights (Orc:2)
  30 ugly things
  A fire giant zombie (Depths:2)
  2 iron dragon zombies
  22 deep elf zephyrmancers
  6 orc sorcerers
  A wolf spider (shapeshifter) (Slime:5)
  A stone giant zombie (Vaults:4)
  13 moths of wrath
  3 will-o-the-wisps
  2 cyclopes
  Maurice (D:7)
  A manticore (D:10)
  5 shining eyes
  A fire giant skeleton (Depths:2)
  5 kobold blastminers (Orc:2)
  19 salamanders
  18 vault sentinels
  35 black mambas
  5 eyes of devastation
  12 naga magi
  6 elephants
  11 guardian serpents
  A torpor snail (Lair:4)
  5 cane toads
  5 gargoyles
  A smoke demon (Depths:3)
  A hellion (Depths:2)
  2 dire elephant skeletons (Lair:5)
  2 molten gargoyles (Volcano)
  An elf zombie (Vaults:1)
  An orange demon (Lair:2)
  A storm dragon simulacrum (WizLab)
  Maggie (D:8)
  7 komodo dragons
  Jeremiah (D:8)
  A yaktaur zombie (Vaults:1)
  2 unseen horrors (D:10)
  2 rime drakes (Lair:3)
  22 yaktaurs
  A tormentor (D:9)
  4 tengu conjurers
  An efreet (D:15)
  11 trolls
  8 tyrant leeches
  3 bloated husks
  Prince Ribbit (D:8)
  15 blink frogs
  3 glass eyes
  11 hornets
  2 polar bears
  A stone giant simulacrum (WizLab)
  5 air elementals (Elf:1)
  130 slime creatures
  15 water elementals
  33 yaks
  2 spriggans (shapeshifter) (D:15)
  A black mamba zombie (Snake:1)
  4 shadows
  8 vampires
  4 wyverns
  5 hogs (Swamp:1)
  2 fire bats (Volcano)
  A yak (shapeshifter) (D:8)
  A human (Lair:1)
  A wraith (D:10)
  6 basilisks
  5 fire elementals
  17 vampire mosquitoes
  12 golden eyes
  A redback (shapeshifter) (Depths:2)
  A yaktaur simulacrum (Vaults:1)
  2 redbacks (Vaults:2)
  3 wargs
  2 two-headed ogre zombies
  2 deep troll zombies (WizLab)
  A spectral cane toad (Lair:5)
  12 swamp worms
  4 acid dragons
  16 water moccasins
  Duvessa (D:7)
  35 nagas
  A nameless horror (Lair:5)
  43 orc warriors
  A black bear (D:7)
  An elephant zombie (Lair:5)
  An ice beast (D:7)
  10 centaurs
  13 ogres
  8 swamp drakes
  3 laughing skulls
  An ettin simulacrum (Vaults:1)
  A swamp dragon zombie (WizLab)
  A boggart (shapeshifter) (D:15)
  A blink frog zombie (Lair:4)
  6 boggarts
  8 wolves
  An elephant skeleton (Lair:5)
  5 bullfrogs
  6 kobold brigands
  4 gnoll sergeants
  5 earth elementals
  A scorpion (D:5)
  2 cane toad simulacra (Lair:5)
  14 wights
  A troll zombie (Orc:1)
  2 yak zombies (Lair:4)
  Dowan (D:7)
  An elephant simulacrum (Lair:5)
  A swamp dragon simulacrum (WizLab)
  6 killer bees (D:11)
  6 howler monkeys
  An electric eel (Elf:3)
  2 wolf zombies (Lair:4)
  8 lava snakes (Volcano)
  A bombardier beetle (D:4)
  A hound (D:5)
  Crazy Yiuf (D:2)
  A jelly (D:1)
  32 orc priests
  Jessica (D:3)
  Terence (D:2)
  4 hell rats (Lair:4)
  2 iguanas (D:5)
  22 orc wizards
  2 naga zombies (Snake:1)
  Robin (D:2)
  A hell rat zombie (Lair:4)
  7 adders
  14 gnolls
  A shadow imp (D:6)
  A white imp (D:7)
  2 ribbon worms
  A dart slug (D:4)
  71 orcs
  5 ball pythons
  7 endoplasms
  3 giant cockroaches
  19 goblins
  9 hobgoblins
  2 jackals (D:1)
  5 quokkas
  5 bats
  2 frilled lizards
  23 kobolds
  7 orc zombies
  2 rats
  A ball lightning (Snake:4)
  2 starspawn tentacles (Lair:1)
1839 creatures vanquished.

Vanquished Creatures (collateral kills)
  2 caustic shrikes (Depths:4)
  3 golden dragons
  2 tentacled monstrosities
  4 acid blobs
  A thorn hunter (Swamp:3)
  A shadow dragon (Zot:3)
  2 black draconians
  2 bunyips
  A white draconian (Depths:4)
  Snorg (Lair:5)
  A red draconian (Depths:4)
  A deep elf high priest (Elf:3)
  An ogre mage (D:15)
  2 two-headed ogres
  A naga warrior (Snake:1)
  2 dancing weapons
  A deep elf knight (Elf:2)
  A spectral death yak (Lair:5)
  2 deep trolls
  A deep elf archer (Elf:1)
  A naga ritualist (Snake:1)
  A glowing orange brain (Slime:5)
  A bog body (Swamp:1)
  3 deep elf pyromancers
  5 deep elf zephyrmancers (Elf:1)
  A necromancer (Lair:5)
  2 salamanders (Snake:1)
  A moth of wrath (Zot:3)
  3 elephants (Lair:5)
  3 eyes of devastation
  A guardian serpent (Snake:1)
  A naga mage (Snake:1)
  A cane toad (Lair:3)
  A gargoyle (D:10)
  2 rime drakes
  2 komodo dragons (Lair:5)
  3 blink frogs
  3 slime creatures
  A water elemental (Depths:3)
  7 yaks
  A wyvern (D:9)
  A golden eye (Slime:1)
  A basilisk (Lair:4)
  A vampire mosquito (D:11)
  5 nagas
  2 water moccasins
  A black bear (Orc:1)
  An ogre (D:15)
  A wolf (Lair:4)
  A centaur (D:10)
  An ogre (shapeshifter) (D:10)
  A kobold brigand (D:10)
  2 bullfrogs
  2 wights (D:10)
  3 orc wizards
  3 hell rats (Lair:4)
  6 orcs (Orc:1)
  3 endoplasms (D:1)
  A giant cockroach (D:1)
  A jackal (D:1)
  A quokka (D:2)
114 creatures vanquished.

Vanquished Creatures (others)
  A golden dragon (Depths:4)
  A draconian annihilator (Depths:4)
  A red draconian (Depths:4)
  A white draconian (Depths:4)
  An ironbound frostheart (Vaults:3)
  3 dancing weapons
  A goliath frog (Swamp:2)
  A death drake (shapeshifter) (Depths:2)
  An ugly thing zombie (D:15)
  A swamp dragon (Swamp:2)
  An anaconda zombie (Snake:1)
  A bloated husk (Swamp:3)
  Grinder (D:3)
  A boulder beetle zombie (D:15)
  A guardian serpent zombie (Snake:1)
  A black mamba zombie (Lair:4)
  A warg (Orc:2)
  2 two-headed ogre zombies (D:15)
  A swamp worm (Swamp:3)
  A skyshark zombie (Lair:5)
  A naga (Snake:4)
  2 ogre zombies (D:15)
  An elf zombie (D:15)
  5 blink frog zombies
  2 salamander zombies (Snake:1)
  A komodo dragon zombie (Lair:5)
  3 warg zombies (Orc:2)
  2 water moccasin zombies
  5 yak zombies
  A tengu zombie (D:15)
  A spriggan zombie (D:15)
  A howler monkey (D:10)
  A centaur zombie (Lair:4)
  A basilisk zombie (Lair:5)
  2 naga zombies (Snake:1)
  A hell rat zombie (Lair:4)
  A kobold zombie (D:3)
  14 orc zombies
  81 ball lightnings
  70 blazeheart cores
  4 foxfires
223 creatures vanquished.

Grand Total: 2176 creatures vanquished

Notes
Turn   | Place    | Note
-------+----------+-------------------------------------------
     0 | D:1      | notthatgreg the Gnoll Chaos Knight began the quest for the
                  | Orb.
     0 | D:1      | Reached XP level 1. HP: 23/23 MP: 1/1
     2 | D:1      | Found a runed translucent door.
     5 | D:1      | Noticed a jelly
   114 | D:1      | Reached XP level 2. HP: 29/29 MP: 2/2
   333 | D:1      | XOM: divination: detect creatures
   490 | D:2      | Reached XP level 3. HP: 35/35 MP: 3/3
   496 | D:2      | Noticed Robin
   579 | D:2      | Reached skill level 1 in Invocations
   692 | D:2      | Reached skill level 1 in Short Blades
   692 | D:2      | Reached skill level 1 in Long Blades
   692 | D:2      | Reached skill level 1 in Axes
   692 | D:2      | Reached skill level 1 in Polearms
   692 | D:2      | Reached skill level 1 in Staves
   692 | D:2      | Reached skill level 1 in Ranged Weapons
   692 | D:2      | Reached skill level 1 in Throwing
   692 | D:2      | Reached skill level 1 in Stealth
   692 | D:2      | Reached skill level 1 in Shields
   692 | D:2      | Reached skill level 1 in Unarmed Combat
   692 | D:2      | Reached skill level 1 in Spellcasting
   692 | D:2      | Reached skill level 1 in Evocations
   711 | D:2      | Killed Robin
   712 | D:2      | Reached skill level 1 in Shapeshifting
   712 | D:2      | Reached XP level 4. HP: 41/41 MP: 5/5
   722 | D:2      | Learned a level 3 spell: Call Canine Familiar
   759 | D:2      | Noticed Terence
   783 | D:2      | Killed Terence
   784 | D:2      | Reached skill level 1 in Conjurations
   784 | D:2      | Reached skill level 1 in Hexes
   784 | D:2      | Reached skill level 1 in Summonings
   784 | D:2      | Reached skill level 1 in Necromancy
   784 | D:2      | Reached skill level 1 in Translocations
   784 | D:2      | Reached skill level 1 in Fire Magic
   784 | D:2      | Reached skill level 1 in Ice Magic
   784 | D:2      | Reached skill level 1 in Air Magic
   784 | D:2      | Reached skill level 1 in Earth Magic
   784 | D:2      | Reached skill level 1 in Alchemy
   789 | D:2      | XOM: 2-stop teleportation journey
   868 | D:2      | Found a runed translucent door.
   869 | D:2      | Noticed Crazy Yiuf
  1075 | D:1      | Reached XP level 5. HP: 37/47 MP: 5/7
  1121 | D:1      | XOM: give mutations
  1121 | D:1      | Gained mutation: You are agile. (Dex +4, Str/Int -1) [Xom's
                  | mischief]
  1121 | D:1      | Gained mutation: You have a pair of small horns on your
                  | head. [Xom's mischief]
  1121 | D:1      | Gained mutation: You are partially covered in iridescent
                  | scales. (AC +2) [Xom's mischief]
  1228 | D:2      | XOM: summons 3 hostile shadow creatures
  1396 | D:2      | Killed Crazy Yiuf
  1520 | D:3      | Noticed Grinder
  1527 | D:3      | Killed Grinder
  1527 | D:3      | XOM: divine lightning
  1608 | D:3      | XOM: 3-stop teleportation journey
  1663 | D:3      | Reached skill level 2 in Invocations
  1790 | D:3      | Reached XP level 6. HP: 53/53 MP: 8/8
  1827 | D:3      | Found an ornate altar of the Wu Jian Council.
  1857 | D:3      | Noticed Jessica
  1862 | D:3      | Killed Jessica
  1990 | D:3      | Found an opulent altar of Gozag.
  1991 | D:3      | Found a sparkling altar of Nemelex Xobeh.
  2171 | D:4      | Found a hide-covered altar of Uskayaw.
  2223 | D:4      | Reached skill level 5 in Armour
  2248 | D:4      | Identified the +7 sling of Dull Courage {freeze, rN+}
  2324 | D:4      | Found a shadowy altar of Dithmenos.
  2324 | D:4      | XOM: 7-stop teleportation journey
  2477 | D:4      | Noticed Blork the orc
  2481 | D:4      | Blork the orc changed into Blork the boggart
  2481 | D:4      | Noticed Blork
  2481 | D:4      | XOM: polymorph Blork the orc -> Blork the boggart
  2485 | D:4      | XOM: fog
  2486 | D:4      | XOM: enchant monster (bad)
  2529 | D:4      | Killed Blork the boggart
  2576 | D:4      | XOM: give mutations
  2576 | D:4      | Gained mutation: You are mostly covered in iridescent
                  | scales. (AC +4) [Xom's mischief]
  2576 | D:4      | Gained mutation: You are vulnerable to cold. (rC-) [Xom's
                  | mischief]
  2576 | D:4      | Gained mutation: Your spells are a little harder to cast,
                  | but a little more powerful. [Xom's mischief]
  2628 | D:4      | XOM: summons 2 hostile demons
  2701 | D:4      | XOM: torment (28/53 hp)
  3016 | D:4      | XOM: divination: detect items
  3123 | D:5      | Entered Level 5 of the Dungeon
  3149 | D:5      | Noticed a water moccasin
  3167 | D:5      | Killed a water moccasin
  3168 | D:5      | Reached XP level 7. HP: 60/60 MP: 10/10
  3210 | D:5      | XOM: 1-stop teleportation journey
  3392 | D:5      | Found a shimmering blue altar of Sif Muna.
  3392 | D:5      | XOM: 8-stop teleportation journey
  3420 | D:5      | XOM: scenery: summon butterflies
  3508 | D:5      | Reached skill level 3 in Invocations
  3791 | D:5      | XOM: give mutation
  3791 | D:5      | Gained mutation: Your natural rate of healing is unusually
                  | fast. [Xom's grace]
  4141 | D:6      | XOM: god gift: wand of acid (6)
  4386 | D:6      | Found a shimmering altar of Xom.
  4389 | D:6      | Found a glowing golden altar of the Shining One.
  4391 | D:6      | Found a glowing silver altar of Zin.
  4454 | D:6      | XOM: summons friendly iron imp
  4738 | D:6      | XOM: summons friendly crimson imp
  4749 | D:6      | Reached XP level 8. HP: 67/67 MP: 12/12
  4839 | D:7      | Noticed Joseph
  4856 | D:7      | XOM: destruction
  4861 | D:7      | Joseph changed into Joseph the ribbon worm
  4861 | D:7      | Noticed Joseph
  4861 | D:7      | XOM: polymorph Joseph -> Joseph the ribbon worm
  4862 | D:7      | Killed Joseph the ribbon worm
  5063 | D:7      | XOM: silly message
  5069 | D:7      | XOM: silly message
  5099 | D:7      | Noticed a wyvern
  5107 | D:7      | XOM: enchant monster (good)
  5108 | D:7      | XOM: fog
  5115 | D:7      | Killed a wyvern
  5116 | D:7      | Reached skill level 4 in Invocations
  5136 | D:7      | Noticed Maurice
  5148 | D:7      | Killed Maurice
  5149 | D:7      | Reached XP level 9. HP: 74/74 MP: 13/15
  5229 | D:7      | Identified the ring of Wuntef {*Slow rF+ rN+ MP+9 Slay+4}
  5313 | D:7      | Noticed Duvessa
  5329 | D:7      | Killed Duvessa
  5330 | D:7      | Noticed Dowan
  5332 | D:7      | Killed Dowan
  5333 | D:7      | Reached skill level 5 in Dodging
  5347 | D:7      | Found a staircase to the Ecumenical Temple.
  5644 | D:8      | Noticed Maggie
  5651 | D:8      | XOM: silly message
  5654 | D:8      | Killed Maggie
  5688 | D:8      | Noticed Prince Ribbit
  5688 | D:8      | XOM: 1-stop teleportation journey
  5698 | D:8      | Killed Prince Ribbit
  5699 | D:8      | Reached skill level 5 in Invocations
  5795 | D:8      | Noticed Jeremiah
  5804 | D:8      | Killed Jeremiah
  5809 | D:8      | Noticed a harpy
  5849 | D:8      | XOM: potion effect (berserk rage)
  5970 | D:8      | Reached skill level 5 in Short Blades
  5970 | D:8      | Reached skill level 5 in Long Blades
  5970 | D:8      | Reached skill level 5 in Axes
  5970 | D:8      | Reached skill level 5 in Polearms
  5970 | D:8      | Reached skill level 5 in Staves
  5970 | D:8      | Reached skill level 5 in Ranged Weapons
  5970 | D:8      | Reached skill level 5 in Throwing
  5970 | D:8      | Reached skill level 5 in Stealth
  5970 | D:8      | Reached skill level 5 in Shields
  5970 | D:8      | Reached skill level 5 in Unarmed Combat
  5970 | D:8      | Reached skill level 5 in Spellcasting
  5970 | D:8      | Reached skill level 5 in Evocations
  5970 | D:8      | Reached XP level 10. HP: 81/81 MP: 17/17
  5970 | D:8      | Noticed an entropy weaver
  5981 | D:8      | XOM: cast spell 'Death Channel'
  6008 | D:8      | an entropy weaver changed into a yak
  6050 | D:8      | Learned a level 3 spell: Maxwell's Portable Piledriver
  6187 | D:8      | Noticed Gastronok
  6204 | D:8      | Killed Gastronok
  6205 | D:8      | Reached skill level 6 in Invocations
  6205 | D:8      | Reached skill level 5 in Shapeshifting
  6339 | D:9      | Noticed a two-headed ogre
  6340 | D:9      | XOM: chaos upgrade
  6343 | D:9      | Killed a two-headed ogre
  6385 | D:9      | Found a blossoming altar of Fedhas.
  6421 | D:9      | XOM: confusion (+ monsters)
  6446 | D:9      | Found a staircase to the Lair.
  6452 | D:9      | XOM: enchant monster (good)
  6454 | D:9      | XOM: blink monster(s)
  6463 | D:9      | XOM: cast spell 'Discord'
  6525 | D:9      | XOM is BORED!
  6525 | D:9      | XOM: give mutation
  6525 | D:9      | Gained mutation: You are completely covered in iridescent
                  | scales. (AC +6) [Xom's mischief]
  6669 | D:9      | Noticed a gargoyle
  6684 | D:9      | Killed a gargoyle
  6685 | D:9      | Reached skill level 5 in Conjurations
  6685 | D:9      | Reached skill level 5 in Hexes
  6685 | D:9      | Reached skill level 5 in Summonings
  6685 | D:9      | Reached skill level 5 in Necromancy
  6685 | D:9      | Reached skill level 5 in Translocations
  6685 | D:9      | Reached skill level 5 in Fire Magic
  6685 | D:9      | Reached skill level 5 in Ice Magic
  6685 | D:9      | Reached skill level 5 in Air Magic
  6685 | D:9      | Reached skill level 5 in Earth Magic
  6685 | D:9      | Reached skill level 5 in Alchemy
  6709 | D:9      | Reached XP level 11. HP: 89/89 MP: 20/20
  6876 | D:9      | XOM: polymorph centaur -> gnoll
  6885 | D:9      | Identified the amulet of Meurois {RegenMP+ Dex+7}
  6892 | D:9      | Noticed Harold
  6903 | D:9      | XOM: blink monster(s)
  6905 | D:9      | Killed Harold
  6919 | D:9      | XOM: confusion
  6970 | D:9      | XOM: swap monsters
  6981 | D:9      | XOM: cleaving
  6986 | D:9      | Reached skill level 7 in Invocations
  6986 | D:9      | XOM: swap monsters
  7036 | D:9      | Found a snail-covered altar of Cheibriados.
  7288 | D:10     | Entered Level 10 of the Dungeon
  7294 | D:10     | Found an iron altar of Okawaru.
  7389 | D:10     | XOM: smoke on damage
  7406 | D:10     | Noticed a two-headed ogre
  7409 | D:10     | XOM: noise
  7414 | D:10     | XOM: enchant monster (good)
  7466 | D:10     | Found Wageedgh's Magic Scroll Shoppe.
  7474 | D:10     | Bought a scroll of identify for 30 gold pieces
  7474 | D:10     | Bought a scroll of enchant armour for 112 gold pieces
  7474 | D:10     | Bought a scroll of identify for 30 gold pieces
  7474 | D:10     | Bought a scroll of identify for 30 gold pieces
  7539 | D:10     | Noticed a centaur warrior
  7544 | D:10     | Noticed a manticore
  7547 | D:10     | XOM: noise
  7550 | D:10     | Killed a centaur warrior
  7554 | D:10     | Killed a manticore
  7597 | D:10     | Killed a two-headed ogre
  7599 | D:10     | Noticed a two-headed ogre
  7604 | D:10     | Killed a two-headed ogre
  7637 | D:10     | Reached XP level 12. HP: 90/97 MP: 22/22
  7680 | D:10     | Noticed a centaur warrior
  7680 | D:10     | Noticed a two-headed ogre
  7694 | D:10     | Killed a two-headed ogre
  7765 | D:10     | Reached skill level 8 in Invocations
  7840 | D:10     | Identified the +8 rapier of the Charming Wasp {flame, Fly
                  | rElec Int+3 Dex-3}
  7876 | D:10     | XOM: give mutation
  7876 | D:10     | Lost mutation: You are agile. (Dex +4, Str/Int -1) [Xom's
                  | mischief]
  7925 | D:10     | Reached skill level 10 in Fighting
  7925 | D:10     | Reached skill level 10 in Maces & Flails
  7950 | D:10     | Noticed a centaur warrior
  7954 | D:10     | XOM: scenery: summon butterflies
  7955 | D:10     | Killed a centaur warrior
  7957 | D:10     | XOM: polymorph butterfly -> frilled lizard
  8335 | D:11     | XOM: chaos upgrade
  8402 | D:11     | Found Isug Ofa's Assorted Antiques.
  8424 | D:11     | Noticed a two-headed ogre
  8435 | D:11     | Killed a two-headed ogre
  8496 | D:11     | Found a staircase to the Orcish Mines.
  8566 | D:11     | XOM: enchant monster (good)
  8626 | D:11     | XOM: polymorph inugami -> howler monkey
  8869 | Lair:1   | Entered Level 1 of the Lair of Beasts
  9075 | Lair:1   | XOM: torment (55/97 hp)
  9159 | Lair:1   | Noticed a four-headed hydra
  9164 | Lair:1   | Killed a four-headed hydra
  9165 | Lair:1   | XOM: confusion
  9221 | Lair:1   | XOM: enchant monster (bad)
  9222 | Lair:1   | XOM: confusion
  9264 | Lair:1   | XOM: 1-stop teleportation journey
  9362 | Lair:1   | Found a runed translucent door.
  9363 | Lair:1   | Noticed a tentacled starspawn
  9373 | Lair:1   | XOM: summons 4 hostile shadow creatures
  9413 | Lair:1   | Learned a level 4 spell: Summon Blazeheart Golem
  9493 | Lair:1   | XOM: 10-stop teleportation journey
  9611 | Lair:1   | Noticed Fannar
  9624 | Lair:1   | Killed Fannar
  9886 | Lair:2   | Reached XP level 13. HP: 104/104 MP: 25/25
  9894 | Lair:2   | XOM: repel stairs
  9976 | Lair:2   | Reached skill level 9 in Invocations
  9998 | Lair:2   | Found a staircase to the Snake Pit.
 10003 | Lair:2   | XOM: potion effect (heal wounds)
 10037 | Lair:2   | XOM: god gift: book of the Moon
 10144 | Lair:2   | Noticed Amaemon
 10156 | Lair:2   | Killed Amaemon
 10262 | Lair:2   | XOM: god gift: 21 gold pieces
 10551 | Lair:1   | Killed a tentacled starspawn
 10632 | Lair:3   | XOM: give mutations
 10632 | Lair:3   | Gained mutation: Your spells are harder to cast, but more
                  | powerful. [Xom's mischief]
 10632 | Lair:3   | Gained mutation: Your flesh is heat resistant. (rF+) [Xom's
                  | mischief]
 10632 | Lair:3   | Lost mutation: You are vulnerable to cold. (rC-) [Xom's
                  | mischief]
 10655 | Lair:3   | Learned a level 5 spell: Lee's Rapid Deconstruction
 10812 | Lair:3   | Learned a level 4 spell: Animate Dead
 10868 | Lair:3   | XOM: silly message
 10883 | Lair:3   | XOM: god gift: leather armour {god gift}
 10885 | Lair:3   | Found a shimmering altar of Xom.
 11020 | Lair:3   | Found a staircase to the Swamp.
 11368 | Lair:4   | XOM: polymorph yak -> centaur
 11369 | Lair:4   | XOM: summons friendly shadow imp
 11370 | Lair:4   | XOM: destruction
 11390 | Lair:4   | Reached skill level 10 in Armour
 11471 | Lair:4   | Found a dark tunnel.
 11476 | Volcano  | Entered a volcano
 11479 | Volcano  | XOM: 10-stop teleportation journey
 11495 | Volcano  | XOM: summons 5 friendly demons
 11520 | Volcano  | Found a radiant altar of Vehumet.
 11529 | Volcano  | XOM: destruction
 11534 | Volcano  | XOM: polymorph hell hound -> apocalypse crab
 11578 | Volcano  | Noticed a stone giant
 11586 | Volcano  | Killed a stone giant
 11599 | Volcano  | XOM: 1-stop teleportation journey
 11621 | Volcano  | XOM: give mutations
 11621 | Volcano  | Gained mutation: You passively map a small area around you.
                  | [Xom's grace]
 11621 | Volcano  | Gained mutation: Your spells are much harder to cast, but
                  | much more powerful. [Xom's grace]
 11621 | Volcano  | Gained mutation: You have supernaturally acute eyesight.
                  | (SInv) [Xom's grace]
 11621 | Volcano  | Gained mutation: You have hidden genetic potential. [Xom's
                  | grace]
 11707 | Volcano  | XOM: scenery: 3 doors close
 11959 | Lair:4   | XOM: fake destruction
 11963 | Lair:4   | Reached XP level 14. HP: 105/113 MP: 27/27
 11967 | Lair:4   | Reached skill level 10 in Invocations
 12365 | Lair:4   | XOM: silly message
 12431 | Lair:4   | Found a staircase to the Slime Pits.
 12615 | Lair:4   | XOM: cloud trail
 12721 | Lair:5   | Entered Level 5 of the Lair of Beasts
 12841 | Lair:5   | Noticed Snorg
 12851 | Lair:5   | Killed Snorg
 12887 | Lair:5   | XOM: divination: detect creatures
 12973 | Lair:5   | XOM: 6-stop teleportation journey
 13122 | Lair:5   | Noticed a dire elephant
 13122 | Lair:5   | Noticed a dire elephant
 13147 | Lair:5   | Noticed a dire elephant
 13152 | Lair:5   | Learned a level 6 spell: Permafrost Eruption
 13160 | Lair:5   | XOM: enchant monster (good)
 13174 | Lair:5   | Killed a dire elephant
 13175 | Lair:5   | Reached skill level 10 in Dodging
 13222 | Lair:5   | XOM: give mutations
 13222 | Lair:5   | Lost mutation: You have supernaturally acute eyesight.
                  | (SInv) [Xom's mischief]
 13222 | Lair:5   | Lost mutation: Your natural rate of healing is unusually
                  | fast. [Xom's mischief]
 13292 | Lair:5   | XOM: confusion (+ monsters)
 13326 | Lair:5   | Gained mutation: You are robust. (+10% HP) [hidden
                  | potential]
 13593 | Lair:5   | XOM: blink monster(s)
 13845 | Lair:5   | Killed a dire elephant
 13850 | Lair:5   | XOM: swap monsters
 13887 | Lair:5   | Killed a dire elephant
 13888 | Lair:5   | Reached skill level 10 in Short Blades
 13888 | Lair:5   | Reached skill level 10 in Long Blades
 13888 | Lair:5   | Reached skill level 10 in Axes
 13888 | Lair:5   | Reached skill level 10 in Polearms
 13888 | Lair:5   | Reached skill level 10 in Staves
 13888 | Lair:5   | Reached skill level 10 in Ranged Weapons
 13888 | Lair:5   | Reached skill level 10 in Throwing
 13888 | Lair:5   | Reached skill level 10 in Stealth
 13888 | Lair:5   | Reached skill level 10 in Shields
 13888 | Lair:5   | Reached skill level 10 in Unarmed Combat
 13888 | Lair:5   | Reached skill level 10 in Spellcasting
 13888 | Lair:5   | Reached skill level 10 in Evocations
 14034 | Lair:5   | XOM: noise
 14068 | Lair:5   | Reached XP level 15. HP: 121/132 MP: 29/29
 14076 | Lair:5   | XOM: silly message
 14109 | Lair:5   | Reached skill level 11 in Invocations
 14143 | Lair:5   | Fell from the grace of Xom
 14299 | Orc:1    | Entered Level 1 of the Orcish Mines
 14347 | Orc:1    | XOM: polymorph orc warrior -> black bear
 14725 | Orc:2    | Entered Level 2 of the Orcish Mines
 14746 | Orc:2    | Learned a level 5 spell: Yara's Violent Unravelling
 14753 | Orc:2    | Learned a level 6 spell: Conjure Ball Lightning
 15137 | Orc:2    | Found a staircase to the Elven Halls.
 15512 | Orc:2    | Noticed an orc warlord
 15536 | Orc:2    | Killed an orc warlord
 15586 | Orc:2    | Found Tydwujei's Distillery.
 15612 | Orc:2    | Found Hela's General Store.
 15615 | Orc:2    | Found a roughly hewn altar of Beogh.
 15667 | Orc:2    | Bought a scroll of acquirement for 884 gold pieces
 15667 | Orc:2    | Acquired the -2 hat of the Alchemist {rElec rPois rF+ rC+
                  | rN+ Will+ rMut rCorr}
 15667 | Orc:2    | Found the -2 hat of the Alchemist {rElec rPois rF+ rC+ rN+
                  | Will+ rMut rCorr}
 16156 | D:10     | Identified the amulet "Lomynoa" {Acrobat rF+}
 17028 | Orc:2    | Bought a scroll of butterflies for 68 gold pieces
 17102 | Orc:2    | XOM: stat loss: -1 Int (16/17)
 17184 | Orc:2    | XOM: give mutations
 17184 | Orc:2    | Lost mutation: Your spells are much harder to cast, but
                  | much more powerful. [Xom's mischief]
 17184 | Orc:2    | Lost mutation: You are robust. (+10% HP) [Xom's mischief]
 17184 | Orc:2    | Lost mutation: Your spells are harder to cast, but more
                  | powerful. [Xom's mischief]
 17184 | Orc:2    | Gained mutation: You have sharp toenails. [Xom's mischief]
 17470 | Orc:2    | Noticed an orc warlord
 17500 | Orc:2    | Killed an orc warlord
 17598 | Orc:2    | Found Rihaimu's General Store.
 17645 | Orc:2    | Found a roughly hewn altar of Beogh.
 17692 | Orc:2    | Found Emuy's General Store.
 17915 | D:9      | XOM: summons 1 hostile shadow creature
 18023 | D:5      | XOM: scenery: summon butterflies
 18552 | Orc:2    | Bought a box of beasts for 560 gold pieces
 18821 | D:12     | XOM: confusion
 18936 | D:12     | XOM: give mutations
 18936 | D:12     | Lost mutation: You have sharp toenails. [Xom's mischief]
 18936 | D:12     | Gained mutation: You are vulnerable to cold. (rC-) [Xom's
                  | mischief]
 19205 | D:13     | XOM: swap monsters
 19361 | D:13     | Reached skill level 10 in Shapeshifting
 19516 | D:13     | Found a portal to a secret trove of treasure.
 19802 | D:14     | Reached XP level 16. HP: 115/129 MP: 30/30
 20038 | D:14     | Reached skill level 12 in Invocations
 20079 | D:14     | Upgraded the game from 0.32-a0-886-g41c5271027 to
                  | 0.32-a0-900-g30fb1b0edc
 20212 | D:14     | Found a gate to the Vaults.
 20275 | D:14     | XOM: give mutations
 20275 | D:14     | Lost mutation: Your spells are a little harder to cast, but
                  | a little more powerful. [Xom's mischief]
 20275 | D:14     | Lost mutation: You passively map a small area around you.
                  | [Xom's mischief]
 20275 | D:14     | Lost mutation: You have a pair of small horns on your head.
                  | [Xom's mischief]
 20275 | D:14     | Gained mutation: You are robust. (+10% HP) [Xom's mischief]
 20616 | D:14     | Found a sparkling altar of Nemelex Xobeh.
 20632 | D:14     | XOM: give mutations
 20632 | D:14     | Lost mutation: You are robust. (+10% HP) [Xom's mischief]
 20632 | D:14     | Lost mutation: You have hidden genetic potential. [Xom's
                  | mischief]
 20632 | D:14     | Gained mutation: You have hidden genetic defects. [Xom's
                  | mischief]
 20632 | D:14     | Lost mutation: You are vulnerable to cold. (rC-) [Xom's
                  | mischief]
 20637 | D:15     | Entered Level 15 of the Dungeon
 20987 | D:15     | Found a staircase to the Depths.
 21366 | D:15     | XOM: summons 3 hostile shadow creatures
 21900 | Snake:1  | Entered Level 1 of the Snake Pit
 22084 | Orc:2    | Bought a scroll of enchant armour for 90 gold pieces
 22313 | Snake:1  | Learned a level 5 spell: Freezing Cloud
 22500 | Snake:1  | XOM: 4-stop teleportation journey
 22699 | Snake:1  | Reached XP level 17. HP: 100/137 MP: 28/32
 22721 | Snake:1  | Gained mutation: Your magical capacity is low. (-10% MP)
                  | [hidden defects]
 22934 | Snake:1  | XOM: give mutations
 22934 | Snake:1  | Gained mutation: Your spells are a little harder to cast,
                  | but a little more powerful. [Xom's mischief]
 22934 | Snake:1  | Lost mutation: You have hidden genetic defects. [Xom's
                  | mischief]
 22934 | Snake:1  | Lost mutation: You are completely covered in iridescent
                  | scales. (AC +6) [Xom's mischief]
 22934 | Snake:1  | Lost mutation: Your flesh is heat resistant. (rF+) [Xom's
                  | mischief]
 22943 | Snake:1  | Found Nusysep's Weapon Shoppe.
 23232 | Swamp:1  | Entered Level 1 of the Swamp
 23264 | Swamp:1  | Reached skill level 10 in Conjurations
 23264 | Swamp:1  | Reached skill level 10 in Hexes
 23264 | Swamp:1  | Reached skill level 10 in Summonings
 23264 | Swamp:1  | Reached skill level 10 in Necromancy
 23264 | Swamp:1  | Reached skill level 10 in Translocations
 23264 | Swamp:1  | Reached skill level 10 in Fire Magic
 23264 | Swamp:1  | Reached skill level 10 in Ice Magic
 23264 | Swamp:1  | Reached skill level 10 in Air Magic
 23264 | Swamp:1  | Reached skill level 10 in Earth Magic
 23264 | Swamp:1  | Reached skill level 10 in Alchemy
 23320 | Swamp:1  | Noticed Kirke
 23330 | Swamp:1  | Killed Kirke
 23483 | Swamp:1  | Reached skill level 13 in Invocations
 24039 | Swamp:2  | Noticed a tentacled monstrosity
 24129 | Swamp:2  | XOM: summons 14 hostile demons
 24600 | Swamp:2  | Killed a tentacled monstrosity
 24888 | Swamp:3  | Noticed a tentacled monstrosity
 25054 | Swamp:3  | Killed a tentacled monstrosity
 25124 | Swamp:3  | XOM: blink monster(s)
 25617 | Swamp:4  | Entered Level 4 of the Swamp
 25686 | Swamp:4  | XOM: summons 3 hostile shadow creatures
 25996 | Swamp:4  | XOM: 1-stop teleportation journey
 26118 | Swamp:4  | Reached XP level 18. HP: 146/146 MP: 31/31
 26308 | Swamp:4  | XOM: draining
 26333 | Swamp:4  | Noticed the 27-headed Lernaean hydra
 26339 | Swamp:4  | Killed the 27-headed Lernaean hydra
 26551 | Swamp:4  | Got a decaying rune of Zot
 26632 | Swamp:4  | XOM: summons 1 hostile shadow creature
 27270 | Snake:2  | Noticed Vashnia
 27362 | Snake:2  | Found a hide-covered altar of Uskayaw.
 27559 | Snake:2  | Killed Vashnia
 27636 | Snake:2  | Reached skill level 14 in Invocations
 27708 | Snake:2  | Found a large runed translucent door.
 27708 | Snake:2  | Found a large runed translucent door.
 27710 | Snake:2  | Noticed Daofuen's ghost (adept DrSh)
 27816 | Snake:2  | XOM: torment (90/147 hp)
 27963 | Snake:2  | Was forgiven by Xom
 28079 | Lair:3   | Became a worshipper of Xom of Chaos
 28278 | Snake:3  | XOM: potion effect (haste)
 28299 | Snake:3  | XOM: silly message
 28377 | Snake:3  | XOM: noise
 28392 | Snake:3  | XOM: potion effect (magic)
 28417 | Snake:3  | XOM: smoke on damage
 28618 | Snake:3  | Found Dicunin's General Store.
 28685 | Snake:3  | XOM: silly message
 28769 | Snake:3  | XOM: silly message
 28913 | Snake:3  | XOM: potion effect (brilliance)
 28945 | Snake:3  | Found Zopnifyu's Weapon Boutique.
 28955 | Snake:3  | Found Diabairo's Armour Shop.
 29053 | Snake:3  | XOM: give mutations
 29053 | Snake:3  | Lost mutation: You are mostly covered in iridescent scales.
                  | (AC +4) [Xom's mischief]
 29053 | Snake:3  | Gained mutation: You are occasionally teleported next to
                  | monsters. [Xom's mischief]
 29053 | Snake:3  | Gained mutation: Your movements are slightly less
                  | encumbered by armour. (ER -2) [Xom's mischief]
 29055 | Snake:3  | Lost mutation: Your magical capacity is low. (-10% MP)
                  | [potion of mutation]
 29055 | Snake:3  | Lost mutation: Your movements are slightly less encumbered
                  | by armour. (ER -2) [potion of mutation]
 29055 | Snake:3  | Lost mutation: You are occasionally teleported next to
                  | monsters. [potion of mutation]
 29055 | Snake:3  | Gained mutation: Your magical capacity is low. (-10% MP)
                  | [potion of mutation]
 29243 | Snake:4  | Entered Level 4 of the Snake Pit
 29843 | Snake:4  | XOM: noise
 29965 | Snake:4  | Noticed Donald
 29977 | Snake:4  | Killed Donald
 30135 | Snake:4  | Reached XP level 19. HP: 150/153 MP: 32/32
 30145 | Snake:4  | XOM: 1-stop teleportation journey
 30272 | Snake:4  | XOM: silly message
 30595 | Snake:4  | XOM: summons 5 friendly demons
 30701 | Snake:4  | XOM: noise
 30702 | Snake:4  | XOM: enchant monster (bad)
 31028 | Snake:4  | Found an iron altar of Okawaru.
 31042 | Snake:4  | Got a serpentine rune of Zot
 31252 | Snake:2  | XOM: give mutations
 31252 | Snake:2  | Gained mutation: You have a pair of small antennae on your
                  | head. [Xom's mischief]
 31252 | Snake:2  | Gained mutation: Armour fits poorly on your strangely
                  | shaped body. [Xom's mischief]
 31252 | Snake:2  | Gained mutation: You have sharp fingernails. [Xom's
                  | mischief]
 31252 | Snake:2  | Lost mutation: Your spells are a little harder to cast, but
                  | a little more powerful. [Xom's mischief]
 31440 | D:14     | XOM: summons 3 hostile demons
 31481 | Vaults:1 | Entered Level 1 of the Vaults
 31586 | Vaults:1 | XOM: enchant monster (bad)
 31587 | Vaults:1 | XOM: torment (100/154 hp)
 31719 | Vaults:1 | XOM: silly message
 31994 | Vaults:1 | Reached skill level 15 in Fighting
 31994 | Vaults:1 | Reached skill level 15 in Maces & Flails
 32120 | Vaults:1 | Noticed Zenata
 32122 | Vaults:1 | XOM: confuse monster(s)
 32147 | Vaults:1 | XOM: divination: detect items
 32304 | Vaults:1 | XOM: silly message
 32395 | Vaults:1 | XOM: divination: detect items
 32411 | Vaults:1 | Found Plog's Armour Shoppe.
 32420 | Vaults:1 | Bought the +1 pair of boots "Vakacexi" {Slay+6} for 542
                  | gold pieces
 32564 | Vaults:1 | XOM: divination: detect items
 32574 | Vaults:1 | Killed Zenata
 32740 | Vaults:1 | XOM: noise
 32787 | Vaults:1 | XOM: silly message
 32855 | Vaults:1 | XOM is BORED!
 32967 | Vaults:1 | XOM: 2-stop teleportation journey
 33191 | Vaults:1 | XOM: enchant monster (bad)
 33209 | Vaults:1 | Reached skill level 15 in Invocations
 33246 | Vaults:1 | XOM: silly message
 33319 | Vaults:1 | XOM: cloud trail
 33821 | Elf:1    | Entered Level 1 of the Elven Halls
 33875 | Elf:1    | Reached XP level 20. HP: 151/162 MP: 34/34
 34101 | Elf:1    | XOM: fog
 34406 | Elf:1    | XOM: god gift: trident {god gift}
 34442 | Elf:1    | XOM: confuse monster(s)
 34473 | Elf:1    | XOM: fog
 34532 | Elf:1    | Identified the +0 chain mail "Rimufygh" {^Contam rN+++ MP-9
                  | Int+2}
 34558 | Elf:1    | XOM: 2-stop teleportation journey
 34574 | Elf:1    | XOM: 6-stop teleportation journey
 34706 | Elf:1    | XOM: god gift: 16 gold pieces
 34837 | Elf:1    | Paralysed by an air elemental for 1 turns
 35029 | Elf:1    | XOM: give mutations
 35029 | Elf:1    | Gained mutation: You expend magic power (3 MP) to
                  | strengthen your wands. [Xom's grace]
 35029 | Elf:1    | Gained mutation: You are agile. (Dex +4, Str/Int -1) [Xom's
                  | grace]
 35029 | Elf:1    | Gained mutation: You are very agile. (Dex +8, Str/Int -2)
                  | [Xom's grace]
 35029 | Elf:1    | Gained mutation: You have a pair of antennae on your head.
                  | [Xom's grace]
 35352 | Elf:2    | XOM: 1-stop teleportation journey
 35569 | Elf:2    | Found a runed translucent door.
 35595 | Elf:2    | Found a runed translucent door.
 35974 | Elf:2    | Reached skill level 15 in Armour
 35988 | Elf:2    | XOM: confuse monster(s)
 36020 | Elf:2    | XOM: butterfly on damage
 36243 | Elf:2    | Upgraded the game from 0.32-a0-900-g30fb1b0edc to
                  | 0.32-a0-909-gc671339a80
 36409 | Elf:2    | XOM: 2-stop teleportation journey
 36517 | Elf:2    | XOM: summons 11 hostile demons
 36753 | Elf:3    | Entered Level 3 of the Elven Halls
 36771 | Elf:3    | XOM: silly message
 36790 | Elf:3    | XOM: blink monster(s)
 36828 | Elf:3    | XOM: polymorph hellwing -> quasit
 37033 | Elf:3    | XOM: divination: detect items
 37041 | Elf:3    | XOM: noise
 37071 | Elf:3    | XOM: destruction
 37115 | Elf:3    | XOM: divination: detect creatures
 37339 | Elf:3    | XOM: 7-stop teleportation journey
 37560 | Elf:3    | Noticed Nikola
 37603 | Elf:3    | Killed Nikola
 37604 | Elf:3    | Reached XP level 21. HP: 161/170 MP: 35/35
 37658 | Elf:3    | XOM: god gift: javelin
 37785 | Elf:3    | XOM: scenery: 1 doors close
 37800 | Elf:3    | XOM: enchant monster (good)
 37865 | Elf:3    | XOM: summons 5 hostile demons
 37951 | Elf:3    | XOM: summons 2 friendly demons
 37967 | Elf:3    | Reached skill level 16 in Invocations
 38019 | Elf:3    | XOM: divination: detect creatures
 38037 | Elf:3    | Reached skill level 15 in Dodging
 38081 | Elf:3    | Identified the +9 falchion of Jinuetziath {freeze, rC+ rN+
                  | Str-3 Dex+3}
 38091 | Elf:3    | Identified the +2 lajatang of the Equator {heavy, Int+3}
 38093 | Elf:3    | Identified the +0 dagger of Callousness {antimagic, ^Drain
                  | rElec rCorr Int+5}
 38095 | Elf:3    | Identified the +6 swamp dragon scales of the Orb Guardian
                  | {rPois rC+}
 38099 | Elf:3    | XOM: divination: magic mapping
 38108 | Elf:3    | XOM: god gift: warped scimitar {god gift}
 38108 | Elf:3    | Identified the +10 scimitar "Puig" {chaos, rElec rN+ Int+5
                  | Stlth-} (Xom gifted it to you on level 3 of the Elven
                  | Halls)
 38122 | Elf:3    | Identified the staff "Ilonnuzuv" {rC+ Dex+3 Ice}
 38175 | Elf:3    | Identified the +12 long sword of Axtun {elec, rElec rF+
                  | rN+}
 38344 | Elf:3    | Identified the staff of Mang {Int+2 Earth}
 38349 | Elf:3    | Got Tecsel's Atlas of Massed Battle Magic
 38397 | Elf:3    | Learned a level 5 spell: Borgnjor's Vile Clutch
 39143 | Vaults:2 | Found Quriut's Distillery.
 39152 | Vaults:2 | Bought a potion of heal wounds for 105 gold pieces
 39154 | Vaults:2 | Bought a potion of cancellation for 168 gold pieces
 39154 | Vaults:2 | Bought a potion of brilliance for 84 gold pieces
 39161 | Vaults:2 | XOM: enchant monster (bad)
 39177 | Vaults:2 | XOM: confuse monster(s)
 39181 | Vaults:2 | XOM: swap monsters
 39194 | Vaults:2 | Found the ring of the Octopus King
 39240 | Vaults:2 | Identified a ring of the Octopus King {rF+ HP+2 AC+2 EV+2
                  | SH+2}
 39254 | Vaults:2 | Noticed a bone dragon
 39272 | Vaults:2 | Killed a bone dragon
 39298 | Vaults:2 | Found a staircase to the Crypt.
 39338 | Vaults:2 | XOM: swap monsters
 39672 | Vaults:2 | Reached skill level 15 in Short Blades
 39672 | Vaults:2 | Reached skill level 15 in Long Blades
 39672 | Vaults:2 | Reached skill level 15 in Axes
 39672 | Vaults:2 | Reached skill level 15 in Polearms
 39672 | Vaults:2 | Reached skill level 15 in Staves
 39672 | Vaults:2 | Reached skill level 15 in Ranged Weapons
 39672 | Vaults:2 | Reached skill level 15 in Throwing
 39672 | Vaults:2 | Reached skill level 15 in Stealth
 39672 | Vaults:2 | Reached skill level 15 in Shields
 39672 | Vaults:2 | Reached skill level 15 in Unarmed Combat
 39672 | Vaults:2 | Reached skill level 15 in Spellcasting
 39672 | Vaults:2 | Reached skill level 15 in Evocations
 39767 | Vaults:2 | Found Hoqoczie's Armour Emporium.
 39832 | Vaults:2 | You fall into a shaft and drop 2 floors!
 39984 | Vaults:4 | XOM: chaos upgrade
 40185 | Vaults:4 | XOM: give mutations
 40185 | Vaults:4 | Lost mutation: You are partially covered in iridescent
                  | scales. (AC +2) [Xom's mischief]
 40185 | Vaults:4 | Lost mutation: You have a pair of antennae on your head.
                  | [Xom's mischief]
 40185 | Vaults:4 | Lost mutation: Armour fits poorly on your strangely shaped
                  | body. [Xom's mischief]
 40187 | Vaults:3 | Found Jegyne's Book Boutique.
 40223 | Vaults:3 | Found Osoib's Weapon Shoppe.
 40258 | Vaults:3 | Found Tucw's Book Shop.
 40274 | Vaults:3 | XOM: chaos upgrade
 40294 | Vaults:3 | XOM: silly message
 40310 | Vaults:3 | XOM: polymorph deep troll -> deep troll
 40365 | Vaults:3 | XOM: divine lightning
 40453 | Vaults:3 | Found Qoinonto's Antique Weapon Boutique.
 40507 | Vaults:3 | XOM: scenery: 1 doors close
 40546 | Vaults:3 | Found Esil Ras's Assorted Antiques.
 40549 | Vaults:3 | XOM: scenery: 2 fountains blood, 2 doors open, 1 doors
                  | close
 40566 | Vaults:3 | XOM: cleaving
 40596 | Vaults:3 | XOM: swap monsters
 40613 | Vaults:3 | XOM: enchant monster (bad)
 40632 | Vaults:3 | XOM: noise
 40689 | Vaults:3 | Reached XP level 22. HP: 179/179 MP: 33/37
 40942 | Vaults:3 | Bought the +3 Elemental Staff {ele, rElec rF+ rC+ AC+3} for
                  | 1027 gold pieces
 40942 | Vaults:3 | Found the +3 Elemental Staff {ele, rElec rF+ rC+ AC+3}
 41280 | Vaults:2 | XOM: scenery: 1 doors close
 41603 | Vaults:2 | XOM: summons 3 hostile shadow creatures
 41611 | Vaults:2 | XOM: give mutations
 41611 | Vaults:2 | Gained mutation: Your muscles are strong. (Str +4, Int/Dex
                  | -1) [Xom's grace]
 41611 | Vaults:2 | Gained mutation: Your muscles are very strong. (Str +8,
                  | Int/Dex -2) [Xom's grace]
 41611 | Vaults:2 | Gained mutation: You are partially covered in iridescent
                  | scales. (AC +2) [Xom's grace]
 41611 | Vaults:2 | Gained mutation: You are strong-willed. (Will+) [Xom's
                  | grace]
 41835 | Lair:2   | Learned a level 6 spell: Death Channel
 41845 | Lair:3   | XOM: god gift: 3 stones
 41906 | Slime:1  | Entered Level 1 of the Pits of Slime
 42009 | Slime:1  | XOM: god gift: +1 pair of gloves of stealth
 42086 | Slime:2  | XOM: summons friendly shadow imp
 42093 | Slime:2  | XOM: confuse monster(s)
 42115 | Slime:2  | Lost mutation: Your muscles are very strong. (Str +8,
                  | Int/Dex -2) [you]
 42125 | Slime:2  | Gained mutation: You are frail. (-10% HP) [a shining eye]
 42132 | Slime:2  | XOM: summons 2 friendly demons
 42143 | Slime:2  | XOM: potion effect (magic)
 42211 | Slime:1  | XOM: 2-stop teleportation journey
 42214 | Slime:1  | XOM: divination: detect creatures
 42392 | Slime:1  | Upgraded the game from 0.32-a0-909-gc671339a80 to
                  | 0.32-a0-913-g739538afd8
 42562 | D:12     | XOM: summons 3 hostile demons
 42635 | Depths:1 | Entered Level 1 of the Depths
 42776 | Depths:1 | Found a gateway to Hell.
 42839 | Depths:1 | XOM: potion effect (experience)
 42839 | Depths:1 | Reached XP level 23. HP: 167/167 MP: 38/38
 42848 | Depths:1 | XOM: polymorph rakshasa -> ice devil
 42930 | D:13     | XOM: torment (102/167 hp)
 42959 | D:13     | You paid a toll of 6 scrolls of fog to enter a treasure
                  | trove
 42960 | Trove    | Entered a treasure trove
 42968 | Trove    | Identified the +4 broad axe "Vakk" {venom, rF+ rCorr Str+3}
 42973 | Trove    | Identified the +8 orcbow of Lupiujot {drain, Int+3}
 42974 | Trove    | Identified the +10 lajatang of Cheibriados's Favour
                  | {freeze, rPois rF+ rC+}
 42975 | Trove    | Identified the +3 double sword of Atolewoa {drain, rPois
                  | Will++ Str+5}
 42977 | Trove    | Identified the +6 sling of Ravage {freeze, rF- rC+++ rN+
                  | Str+4}
 42978 | Trove    | Identified the +0 great sword of Tumult {venom, *Slow rF+
                  | rN+++ Dex+2}
 42979 | Trove    | Identified the +9 spear of the Crypt {flame, Dex+4 Stlth+}
 42980 | Trove    | Identified the +9 halberd of the Little People {heavy, Fly
                  | Str+4}
 43403 | Depths:1 | XOM: stat loss: -1 Int (17/18)
 43671 | Depths:1 | XOM: 1-stop teleportation journey
 43958 | Depths:2 | Reached skill level 17 in Invocations
 43974 | Depths:2 | XOM: 1-stop teleportation journey
 43984 | Depths:2 | Noticed Asterion
 43990 | Depths:2 | Killed Asterion
 43991 | Depths:2 | XOM: give mutation
 43991 | Depths:2 | Gained mutation: Your muscles are very strong. (Str +8,
                  | Int/Dex -2) [Xom's mischief]
 44096 | Depths:2 | XOM: give mutations
 44096 | Depths:2 | Lost mutation: You are very agile. (Dex +8, Str/Int -2)
                  | [Xom's mischief]
 44096 | Depths:2 | Lost mutation: Your magical capacity is low. (-10% MP)
                  | [Xom's mischief]
 44096 | Depths:2 | Gained mutation: You sometimes lose your temper in combat.
                  | [Xom's mischief]
 44151 | Depths:2 | Noticed a juggernaut
 44154 | Depths:2 | XOM: 2-stop teleportation journey
 44189 | Depths:2 | XOM: 2-stop teleportation journey
 44298 | Depths:2 | XOM: divine lightning
 44299 | Depths:2 | XOM: enchant monster (good)
 44304 | Depths:2 | Killed a juggernaut
 44411 | Depths:2 | Found a one-way gate leading to the halls of Pandemonium.
 44422 | Depths:2 | XOM: repel stairs
 44497 | Depths:2 | Noticed a juggernaut
 44641 | Depths:2 | Killed a juggernaut
 44770 | Depths:2 | Noticed a caustic shrike
 44778 | Depths:2 | Killed a caustic shrike
 44788 | Depths:2 | XOM: cast spell 'Disjunction'
 44832 | Depths:2 | Noticed Norris
 44833 | Depths:2 | XOM: summons 7 hostile demons
 44842 | Depths:2 | Killed Norris
 44959 | Depths:2 | Lost mutation: Your muscles are very strong. (Str +8,
                  | Int/Dex -2) [potion of mutation]
 44959 | Depths:2 | Lost mutation: You sometimes lose your temper in combat.
                  | [potion of mutation]
 44959 | Depths:2 | Lost mutation: You are agile. (Dex +4, Str/Int -1) [potion
                  | of mutation]
 44959 | Depths:2 | Lost mutation: You expend magic power (3 MP) to strengthen
                  | your wands. [potion of mutation]
 44959 | Depths:2 | Lost mutation: You have a pair of small antennae on your
                  | head. [potion of mutation]
 44959 | Depths:2 | Gained mutation: You occasionally shout uncontrollably at
                  | your foes. [potion of mutation]
 44959 | Depths:2 | Gained mutation: You are mostly covered in iridescent
                  | scales. (AC +4) [potion of mutation]
 44960 | Depths:2 | Lost mutation: You have sharp fingernails. [potion of
                  | mutation]
 44960 | Depths:2 | Lost mutation: You are strong-willed. (Will+) [potion of
                  | mutation]
 44960 | Depths:2 | Gained mutation: You expend magic power (3 MP) to
                  | strengthen your wands. [potion of mutation]
 44960 | Depths:2 | Gained mutation: You have a pair of small horns on your
                  | head. [potion of mutation]
 44961 | Depths:2 | Lost mutation: You expend magic power (3 MP) to strengthen
                  | your wands. [potion of mutation]
 44961 | Depths:2 | Lost mutation: You occasionally shout uncontrollably at
                  | your foes. [potion of mutation]
 44961 | Depths:2 | Lost mutation: You are mostly covered in iridescent scales.
                  | (AC +4) [potion of mutation]
 44961 | Depths:2 | Gained mutation: Armour fits poorly on your strangely
                  | shaped body. [potion of mutation]
 44962 | Depths:2 | Lost mutation: You are frail. (-10% HP) [potion of
                  | mutation]
 44962 | Depths:2 | Lost mutation: Armour fits poorly on your strangely shaped
                  | body. [potion of mutation]
 44962 | Depths:2 | Lost mutation: You have a pair of small horns on your head.
                  | [potion of mutation]
 44962 | Depths:2 | Gained mutation: You expend magic power (3 MP) to
                  | strengthen your wands. [potion of mutation]
 45001 | Depths:2 | XOM: noise
 45015 | Depths:2 | Found Iduhec's Book Shoppe.
 45015 | Depths:2 | Found Ycusij's Jewellery Boutique.
 45017 | Depths:2 | Found Aguesuli's Jewellery Boutique.
 45040 | Depths:2 | XOM: summons 4 hostile shadow creatures
 45405 | Depths:2 | XOM: summons friendly ufetubus
 45743 | Depths:3 | Reached XP level 24. HP: 195/195 MP: 43/43
 45752 | Depths:3 | Learned a level 7 spell: Haunt
 45762 | Depths:3 | XOM: swap monsters
 45950 | Depths:3 | Noticed a caustic shrike
 45950 | Depths:3 | XOM: 2-stop teleportation journey
 45995 | Depths:3 | Found a one-way gate to the infinite horrors of the Abyss.
 45995 | Depths:3 | Noticed an ancient lich
 46009 | Depths:3 | Killed an ancient lich
 46047 | Depths:3 | XOM: divination: magic mapping
 46107 | Depths:3 | XOM: give mutations
 46107 | Depths:3 | Gained mutation: Armour fits poorly on your strangely
                  | shaped body. [Xom's mischief]
 46107 | Depths:3 | Gained mutation: You sometimes lose your temper in combat.
                  | [Xom's mischief]
 46107 | Depths:3 | Gained mutation: You have hidden genetic defects. [Xom's
                  | mischief]
 46107 | Depths:3 | Gained mutation: You are frail. (-10% HP) [Xom's mischief]
 46108 | Depths:3 | Lost mutation: You sometimes lose your temper in combat.
                  | [potion of mutation]
 46108 | Depths:3 | Lost mutation: You are partially covered in iridescent
                  | scales. (AC +2) [potion of mutation]
 46108 | Depths:3 | Gained mutation: Your spells are a little harder to cast,
                  | but a little more powerful. [potion of mutation]
 46109 | Depths:3 | Lost mutation: You are frail. (-10% HP) [potion of
                  | mutation]
 46109 | Depths:3 | Lost mutation: Your muscles are strong. (Str +4, Int/Dex
                  | -1) [potion of mutation]
 46109 | Depths:3 | Lost mutation: You have hidden genetic defects. [potion of
                  | mutation]
 46109 | Depths:3 | Gained mutation: Your body sometimes deteriorates upon
                  | taking damage. [potion of mutation]
 46109 | Depths:3 | Gained mutation: You are partially covered in iridescent
                  | scales. (AC +2) [potion of mutation]
 46109 | Depths:3 | Gained mutation: You are agile. (Dex +4, Str/Int -1)
                  | [potion of mutation]
 46160 | Depths:3 | Found a one-way gateway to a ziggurat.
 46530 | Depths:3 | Reached skill level 15 in Shapeshifting
 46530 | Depths:3 | XOM: give mutations
 46530 | Depths:3 | Lost mutation: Your body sometimes deteriorates upon taking
                  | damage. [Xom's mischief]
 46530 | Depths:3 | Gained mutation: Your system is resistant to poisons.
                  | (rPois) [Xom's mischief]
 46535 | Depths:3 | XOM: enchant monster (good)
 46544 | Depths:3 | Killed a caustic shrike
 46613 | Depths:3 | XOM: confusion
 46959 | Depths:3 | XOM: scenery: summon butterflies
 47153 | Depths:3 | Identified the +2 dagger of the Head {pain, rN+ Str+3}
 47229 | Depths:3 | XOM: stat loss: -1 Str (13/14)
 47352 | Depths:3 | XOM: give mutations
 47352 | Depths:3 | Gained mutation: You have a pair of small horns on your
                  | head. [Xom's mischief]
 47352 | Depths:3 | Lost mutation: Your system is resistant to poisons. (rPois)
                  | [Xom's mischief]
 47352 | Depths:3 | Gained mutation: Your body sometimes deteriorates upon
                  | taking damage. [Xom's mischief]
 47352 | Depths:3 | Lost mutation: You are agile. (Dex +4, Str/Int -1) [Xom's
                  | mischief]
 47636 | Depths:4 | Entered Level 4 of the Depths
 47679 | Depths:4 | Found a magical portal.
 47702 | WizLab   | Entered Zonguldrok's Shrine
 47810 | WizLab   | XOM: 1-stop teleportation journey
 48060 | WizLab   | Noticed an antique champion
 48060 | WizLab   | Noticed an antique champion
 48121 | WizLab   | XOM: noise
 48127 | WizLab   | Killed an antique champion
 48170 | WizLab   | Killed an antique champion
 48401 | WizLab   | Identified the +9 crystal plate armour of the Apple {rC++
                  | rCorr}
 48407 | WizLab   | Got the Incunabulum of Desecration
 48428 | WizLab   | Identified the +9 plate armour of Mumblety Peg {Harm rCorr
                  | Int+2}
 48430 | WizLab   | Got the Parchment of Despicable Arts
 48450 | WizLab   | Identified the +1 crystal plate armour of Bitterness {rF+
                  | Str+3 Int+2}
 48595 | Depths:4 | XOM: divination: detect creatures
 48597 | Depths:4 | XOM: god gift: potion of haste
 48625 | Depths:4 | XOM: give mutations
 48625 | Depths:4 | Gained mutation: You have an increased reservoir of magic.
                  | (+10% MP) [Xom's grace]
 48625 | Depths:4 | Gained mutation: You have a considerably increased
                  | reservoir of magic. (+20% MP) [Xom's grace]
 48625 | Depths:4 | Gained mutation: You have sharp fingernails. [Xom's grace]
 48625 | Depths:4 | Gained mutation: Your mind is acute. (Int +4, Str/Dex -1)
                  | [Xom's grace]
 48664 | Depths:4 | XOM: fake destruction
 48738 | Depths:4 | XOM: scenery: 4 doors close
 48775 | Depths:4 | XOM: god gift: wand of acid (6)
 48824 | Depths:4 | Noticed a caustic shrike
 48824 | Depths:4 | Noticed a caustic shrike
 48824 | Depths:4 | Noticed a caustic shrike
 48827 | Depths:4 | XOM: summons 6 friendly demons
 48829 | Depths:4 | Killed a caustic shrike
 48830 | Depths:4 | Killed a caustic shrike
 48830 | Depths:4 | Killed a caustic shrike
 48831 | Depths:4 | Reached skill level 18 in Invocations
 49150 | Depths:4 | XOM: 4-stop teleportation journey
 49166 | Depths:4 | Noticed a caustic shrike
 49166 | Depths:4 | Noticed a caustic shrike
 49166 | Depths:4 | Noticed a caustic shrike
 49166 | Depths:4 | Noticed a caustic shrike
 49166 | Depths:4 | Noticed a caustic shrike
 49168 | Depths:4 | XOM: enchant monster (good)
 49171 | Depths:4 | Killed a caustic shrike
 49171 | Depths:4 | Killed a caustic shrike
 49174 | Depths:4 | Killed a caustic shrike
 49176 | Depths:4 | Killed a caustic shrike
 49184 | Depths:4 | Killed a caustic shrike
 49230 | Depths:4 | XOM: scenery: 1 doors close
 49365 | Depths:4 | XOM: cleaving
 49591 | Depths:4 | XOM: fake destruction
 49592 | Depths:4 | XOM: swap monsters
 49701 | Depths:4 | Reached XP level 25. HP: 154/203 MP: 52/52
 49943 | Depths:4 | XOM: enchant monster (good)
 50186 | Depths:4 | XOM: silly message
 50276 | Depths:4 | Learned a level 7 spell: Spellforged Servitor
 50283 | Depths:4 | XOM: summons 1 hostile demon
 50284 | Depths:4 | Learned a level 6 spell: Bombard
 50326 | Depths:4 | Found a gate to the Realm of Zot.
 50827 | Depths:4 | Found a hide-covered altar of Uskayaw.
 50885 | Depths:4 | XOM: summons 5 hostile demons
 51210 | Depths:1 | XOM: cloud trail
 51723 | D:4      | XOM: stat loss: -1 Str (13/14)
 52545 | D:10     | XOM: silly message
 52611 | D:6      | XOM: give mutations
 52611 | D:6      | Gained mutation: You have sharp toenails. [Xom's mischief]
 52611 | D:6      | Lost mutation: You are partially covered in iridescent
                  | scales. (AC +2) [Xom's mischief]
 52894 | D:9      | XOM: give mutation
 52894 | D:9      | Lost mutation: You have a considerably increased reservoir
                  | of magic. (+20% MP) [Xom's mischief]
 53404 | Vaults:1 | XOM: summons 13 hostile demons
 54132 | D:9      | XOM: give mutations
 54132 | D:9      | Lost mutation: Your spells are a little harder to cast, but
                  | a little more powerful. [Xom's mischief]
 54132 | D:9      | Gained mutation: Your flesh is cold resistant. (rC+) [Xom's
                  | mischief]
 54132 | D:9      | Lost mutation: You have an increased reservoir of magic.
                  | (+10% MP) [Xom's mischief]
 54731 | D:11     | Bought a scroll of blinking for 195 gold pieces
 54731 | D:11     | Bought 2 potions of heal wounds for 260 gold pieces
 55117 | Lair:1   | XOM: god gift: scroll of fear
 55333 | Slime:3  | XOM: enchant monster (good)
 55370 | Slime:4  | Paralysed by a formless jellyfish for 1 turns
 55375 | Slime:3  | Gained mutation: Your magical capacity is low. (-10% MP) [a
                  | shining eye]
 55417 | Slime:3  | XOM: silly message
 55426 | Slime:4  | XOM: divination: magic mapping
 55442 | Slime:4  | XOM: 1-stop teleportation journey
 55666 | Slime:3  | XOM: divination: detect creatures
 55699 | Slime:3  | XOM: summons 11 hostile demons
 55811 | Slime:3  | XOM: repel stairs
 56127 | Slime:5  | Entered Level 5 of the Pits of Slime
 56456 | Slime:5  | Found a viscous altar of Jiyva.
 56456 | Slime:5  | XOM: 1-stop teleportation journey
 56457 | Slime:5  | XOM: enchant monster (bad)
 56458 | Slime:5  | XOM: polymorph slime creature -> shapeshifter
 56459 | Slime:5  | Noticed the Royal Jelly
 56465 | Slime:5  | XOM: polymorph rockslime -> catoblepas
 56466 | Slime:5  | the Royal Jelly changed into a caustic shrike shaped Royal
                  | Jelly
 56466 | Slime:5  | Noticed a caustic shrike shaped Royal Jelly
 56471 | Slime:5  | XOM: divination: detect items
 56472 | Slime:5  | XOM: potion effect (magic)
 56473 | Slime:5  | Killed a caustic shrike shaped Royal Jelly
 56473 | Slime:5  | XOM: fake destruction
 56524 | Slime:5  | XOM: confuse monster(s)
 56684 | Slime:5  | Identified the +2 chain mail of Punuem {Regen+ Str+2
                  | Stlth+}
 56844 | Slime:5  | Got a slimy rune of Zot
 56852 | Slime:5  | Identified the staff "Roybek" {Will+ MP+9 Dex-2 Earth}
 56900 | Slime:5  | Identified the amulet "Oqebegg" {Spirit rPois rCorr Int+4}
 56958 | Slime:5  | XOM: give mutations
 56958 | Slime:5  | Lost mutation: You have a pair of small horns on your head.
                  | [Xom's mischief]
 56958 | Slime:5  | Gained mutation: Your spells are a little easier to cast,
                  | but a little less powerful. [Xom's mischief]
 56958 | Slime:5  | Lost mutation: Your spells are a little easier to cast, but
                  | a little less powerful. [Xom's mischief]
 56958 | Slime:5  | Lost mutation: You have sharp toenails. [Xom's mischief]
 56958 | Slime:5  | Gained mutation: You have large cloven feet. [Xom's
                  | mischief]
 57105 | Slime:5  | XOM is BORED!
 57257 | Slime:3  | XOM: give mutations
 57257 | Slime:3  | Gained mutation: You possess an exceptional clarity of
                  | mind. [Xom's grace]
 57257 | Slime:3  | Gained mutation: Your muscles are strong. (Str +4, Int/Dex
                  | -1) [Xom's grace]
 57257 | Slime:3  | Gained mutation: You are partially covered in iridescent
                  | scales. (AC +2) [Xom's grace]
 57332 | Slime:1  | Paralysed by a formless jellyfish for 1 turns
 57581 | D:12     | XOM: god gift: 41 gold pieces
 57725 | Zot:1    | Entered Level 1 of the Realm of Zot
 57787 | Zot:2    | XOM: god gift: 5 gold pieces
 57853 | Zot:2    | Noticed an orb of fire
 57862 | Zot:2    | Gained mutation: You are occasionally teleported next to
                  | monsters. [an orb of fire]
 57865 | Zot:2    | Killed an orb of fire
 57866 | Zot:2    | Lost mutation: You have large cloven feet. [potion of
                  | mutation]
 57866 | Zot:2    | Lost mutation: You have sharp fingernails. [potion of
                  | mutation]
 57866 | Zot:2    | Gained mutation: You are robust. (+10% HP) [potion of
                  | mutation]
 57867 | Zot:2    | Lost mutation: Armour fits poorly on your strangely shaped
                  | body. [potion of mutation]
 57867 | Zot:2    | Lost mutation: Your body sometimes deteriorates upon taking
                  | damage. [potion of mutation]
 57867 | Zot:2    | Lost mutation: You are partially covered in iridescent
                  | scales. (AC +2) [potion of mutation]
 57867 | Zot:2    | Gained mutation: You are resistant to electric shocks.
                  | (rElec) [potion of mutation]
 57867 | Zot:2    | Gained mutation: You occasionally shout uncontrollably at
                  | your foes. [potion of mutation]
 57868 | Zot:2    | Lost mutation: You possess an exceptional clarity of mind.
                  | [potion of mutation]
 57868 | Zot:2    | Lost mutation: You are robust. (+10% HP) [potion of
                  | mutation]
 57868 | Zot:2    | Lost mutation: Your muscles are strong. (Str +4, Int/Dex
                  | -1) [potion of mutation]
 57868 | Zot:2    | Lost mutation: Your magical capacity is low. (-10% MP)
                  | [potion of mutation]
 57869 | Zot:2    | Lost mutation: You are occasionally teleported next to
                  | monsters. [potion of mutation]
 57869 | Zot:2    | Lost mutation: You occasionally shout uncontrollably at
                  | your foes. [potion of mutation]
 57869 | Zot:2    | Gained mutation: You have a pair of small antennae on your
                  | head. [potion of mutation]
 57869 | Zot:2    | Gained mutation: Your natural rate of healing is unusually
                  | fast. [potion of mutation]
 57869 | Zot:2    | Gained mutation: You possess an exceptional clarity of
                  | mind. [potion of mutation]
 57936 | Zot:2    | XOM: god gift: glowing spear {god gift}
 57962 | Zot:2    | Reached XP level 26. HP: 182/213 MP: 12/44
 58183 | Zot:2    | Reached skill level 19 in Invocations
 58239 | Zot:2    | XOM: polymorph red draconian -> red draconian
 58294 | Zot:3    | XOM: cast spell 'Death Channel'
 58310 | Zot:3    | Reached skill level 15 in Conjurations
 58310 | Zot:3    | Reached skill level 15 in Hexes
 58310 | Zot:3    | Reached skill level 15 in Summonings
 58310 | Zot:3    | Reached skill level 15 in Necromancy
 58310 | Zot:3    | Reached skill level 15 in Translocations
 58310 | Zot:3    | Reached skill level 15 in Fire Magic
 58310 | Zot:3    | Reached skill level 15 in Ice Magic
 58310 | Zot:3    | Reached skill level 15 in Air Magic
 58310 | Zot:3    | Reached skill level 15 in Earth Magic
 58310 | Zot:3    | Reached skill level 15 in Alchemy
 58513 | Zot:4    | Got the Excursus on Combat Magic and the Salamander
 58579 | Zot:5    | Entered Level 5 of the Realm of Zot
 58607 | Zot:5    | Found a runed translucent door.
 58607 | Zot:5    | Noticed Qephaces's ghost (veteran GnGl)
 58671 | Zot:5    | Noticed a Killer Klown
 58671 | Zot:5    | Noticed an orb of fire
 58671 | Zot:5    | Noticed an ancient lich
 58671 | Zot:5    | Noticed an ancient lich
 58671 | Zot:5    | XOM: 1-stop teleportation journey
 58672 | Zot:5    | Noticed a Killer Klown
 58676 | Zot:5    | XOM: cast spell 'Monstrous Menagerie'
 58677 | Zot:5    | Got the Orb of Zot
 58678 | Zot:5    | Noticed a Killer Klown
 58679 | Zot:5    | XOM: polymorph Orb Guardian -> Orb Guardian
 58680 | Zot:5    | XOM: chaos upgrade
 58681 | Zot:5    | Noticed a Killer Klown
 58689 | Zot:5    | Noticed a dread lich
 59090 | D:5      | Noticed Xilaosu the pandemonium lord
 59095 | D:5      | XOM: silly message
 59282 | D:$      | Escaped with the Orb!

Illustrated notes

Levels and vault maps discovered:
D:1:      dpeg_arrival_caged_fury, layout_basic, minmay_misc_feat_iff,
          minmay_misc_feat_pillars
D:2:      layout_basic, uniq_crazy_yiuf_cottage, uniq_terence, uniq_robin
D:3:      layout_basic, grunt_temple_overflow_opulence,
          nicolae_wu_jian_immortal_techniques, kennysheep_jessica_study,
          uniq_grinder
D:4:      wad_lake_hut, layout_basic, grunt_dithmenos_smoke_and_mirrors,
          eat_drink_and_be_merry_uskayaw, minmay_bisected, uniq_blork_the_orc
D:5:      layout_cave_pods, mainiacjoe_overflow_concentric_impassable
D:6:      layout_basic, gammafunk_temple_overflow_forgotten, serial_curves,
          eino_curves_02, eino_curves_02, kennysheep_small_spiral
D:7:      layout_gridville, temple_green, uniq_joseph, uniq_maurice,
          uniq_duvessa
D:8:      layout_cave_pools, uniq_jeremiah, uniq_gastronok, uniq_maggie,
          uniq_prince_ribbit1
D:9:      layout_loops_ring, cheibriados_altar_1, fedhas_ov_isle_minmay,
          david_lair_generic, uniq_harold
D:10:     minmay_the_grid_3x3 [minmay_the_grid_garden, minmay_the_grid_expand,
          minmay_the_grid_minigrid_small, minmay_the_grid_slots,
          minmay_the_grid_tiny_cups, minmay_the_grid_odd_star,
          minmay_the_grid_gridbox, minmay_the_grid_minigrid_medium,
          minmay_the_grid_prize_trominoes], layout_small_grid,
          okawaru_ov_weapons_minmay, serial_shops, shop
D:11:     layout_rooms, orc_0_dummy, grunt_ministairs_1, kennysheep_small_circle
D:12:     layout_roguey
D:13:     layout_cave_pools, enter_trove_0
D:14:     layout_cave_pools, erik_vaults_1, chequers_arboretum,
          nicolae_hexahallways, nemelex_spade_bored_becter
D:15:     hangedman_depths_entry_civil_slaughter, layout_long_grid,
          minmay_curled_crystal
Lair:1:   layout_gridlike, pdpol_lair_cabin_in_the_woods, uniq_fannar
Lair:2:   layout_misc_corridors, minmay_snake_entry_guardpost_small,
          uniq_amaemon
Lair:3:   layout_long_grid, minmay_swamp_entry_wisps, basic_altar
Lair:4:   layout_gridlike, slime_entry_1, nicolae_volcano_entry_s_turn
Lair:5:   due_jungle_book, layout_loops_ring, minivault_23, lemuel_fruit_tree,
          uniq_snorg
Swamp:1:  layout_basic_swamp, evilmike_swamp_ruin_house_2, swamp_pool_1_2,
          uniq_kirke
Swamp:2:  layout_basic_swamp, nicolae_swamp_bean_lake
Swamp:3:  layout_basic_swamp, evilmike_swamp_ruin_house_1
Swamp:4:  swamp_old_school, layout_basic_swamp
Snake:1:  layout_rooms, serial_shops, nicolae_shop_bloodbath_and_beyond,
          serial_bayou_shore_b, serial_bayou_shore_b
Snake:2:  layout_rooms, ebering_ghost_disaster_area, basic_altar, drop_trap,
          nrook_loot_triangle, grunt_megastairs_4, uniq_vashnia
Snake:3:  layout_cave_town, serial_shops, shop, minmay_shoptagon
Snake:4:  grunt_snake_rune_serpentine_throne, layout_cave_town,
          serial_bayou_shore_b, uniq_donald
Slime:1:  layout_caves
Slime:2:  layout_caves
Slime:3:  layout_caves
Slime:4:  layout_caves
Slime:5:  slime_pit_nicolae_inversion
Orc:1:    layout_caves
Orc:2:    pubby_orc_utopia
Elf:1:    elf_arrival_002, layout_loops_corners, nicolae_elf_crossing_hall,
          drop_trap
Elf:2:    elven_hall_of_blades_hangedman_original
          [nicolae_blade_entry_splitting_headache], layout_geoelf_diagonals
Elf:3:    minmay_elf_hall_dome, layout_geoelf_castle, grunt_ministairs_9,
          palyth_stone_intersect, uniq_nikola
Vaults:1: nicolae_vaults_asterisk, nicolae_vaults_network_star, v_misc_25,
          nicolae_vaults_closet_pinwheel_4, nicolae_vaults_house_3, v_misc_30,
          vaults_room_corners, nicolae_vaults_border_crossing,
          layout_vaults_quadrants, serial_shops, shop, uniq_zenata
Vaults:2: serial_ice_g, ontoclasm_vaults_twist, v_misc_12,
          ontoclasm_vaults_decontamination, vaults_room_mumra_shop_pool,
          minmay_crypt_entry_nasty_monster, nicolae_vaults_steering_wheel,
          v_rooms_4, vaults_mumra_minichess_inversion,
          nicolae_vaults_doubleplus_tesselated,
          nicolae_vaults_trapezoid_layered, nicolae_vaults_stepped_doors,
          layout_vaults_ring, serial_shops, shop
Vaults:3: nicolae_vaults_little_squares_1, hangedman_vaults_stagger,
          hangedman_vaults_stretched_pinwheel, grunt_vaults_hallway_long,
          vaults_mumra_minichess, vaults_standard_mumra_enter_the_diamond,
          hangedman_vaults_corner_blocks, nicolae_vaults_weapon_check,
          vaults_dpeg_emergency_exit, ontoclasm_vaults_chip,
          vaults_room_hallway, nicolae_vaults_ring_of_whatevers, v_pattern_1,
          layout_vaults_maze_snakey, serial_shops, shop, shop_statue, shop,
          nicolae_book_shop_shelving,
          nicolae_shop_temple_entry_statues_fountains
Vaults:4: ontoclasm_vaults_eye, nicolae_vaults_trapezoid_lopsided_2, v_misc_28,
          hangedman_vaults_nodes, nicolae_vaults_murderbox,
          nicolae_vaults_tetromino_T_1, nicolae_vaults_diamond_1,
          vaults_standard_mumra_x, vaults_dpeg_hooks,
          layout_vaults_chaotic_city, uniq_margery
Depths:1: nicolae_cairo_tiling_very_big, layout_honeycomb, bh_walls_and_bars,
          hell_entry, serial_library_hellmonk_junction, kennysheep_just_a_vault
Depths:2: minmay_blocking_statues, layout_gridlike, rand_demon_pan_entry_5,
          hell_entry, infiniplex_staircase_zigzag_3, grunt_ministairs_15,
          minmay_shop_grove, serial_bayou_shore_b, serial_bayou_shore_b,
          uniq_asterion, uniq_norris
Depths:3: minmay_three_patterns, layout_basic, enter_ziggurat_a,
          lightli_too_deep, abyss_entry, hangedman_abyss_or_decor_stagger,
          infiniplex_staircase_river
Depths:4: lemuel_castle_with_subvaults [lemuel_castle_interior_carwin_3],
          layout_gridlike, lightli_enter_wizlab_magi_temple, hell_entry,
          dk_noncrumbling_2, nicolae_danse_macabre, serial_bayou_shore_b
Zot:1:    layout_misc_corridors, hangedman_zot_gyre, st_stairs_13
Zot:2:    grunt_zot_stairs_mandelzot, layout_cellular_growth,
          hangedman_zot_decor_unnerving_road
Zot:3:    layout_cathedral_of_symmetry, grunt_megastairs_2
Zot:4:    layout_onion_interference, uniq_grunn
Zot:5:    layout_twisted_circle, hellmonk_ghost_happy_afterlife, st_stairs_7

Skill      XL: |  1  2  3  4  5  6  7  8  9 10 11 12 13 14 15 16 17 18 19 20 21 22 23 24 25 26 |
---------------+-------------------------------------------------------------------------------+-----
Invocations    | 1 2 3 4 5 6 7 8 9 10 11 12 13 14 15 16 17 18 19 | 19.1
Short Blades   | 1 2 3 4 5 6 7 8 9 10 11 12 13 14 15 16 17 | 17.7
Long Blades    | 1 2 3 4 5 6 7 8 9 10 11 12 13 14 15 16 17 | 17.7
Axes           | 1 2 3 4 5 6 7 8 9 10 11 12 13 14 15 16 17 | 17.7
Polearms       | 1 2 3 4 5 6 7 8 9 10 11 12 13 14 15 16 17 | 17.7
Staves         | 1 2 3 4 5 6 7 8 9 10 11 12 13 14 15 16 17 | 17.7
Ranged Weapons | 1 2 3 4 5 6 7 8 9 10 11 12 13 14 15 16 17 | 17.7
Throwing       | 1 2 3 4 5 6 7 8 9 10 11 12 13 14 15 16 17 | 17.7
Stealth        | 1 2 3 4 5 6 7 8 9 10 11 12 13 14 15 16 17 | 17.7
Shields        | 1 2 3 4 5 6 7 8 9 10 11 12 13 14 15 16 17 | 17.7
Unarmed Combat | 1 2 3 4 5 6 7 8 9 10 11 12 13 14 15 16 17 | 17.7
Spellcasting   | 1 2 3 4 5 6 7 8 9 10 11 12 13 14 15 16 17 | 17.7
Evocations     | 1 2 3 4 5 6 7 8 9 10 11 12 13 14 15 16 17 | 17.7
Shapeshifting  | 1 2 3 4 5 6 7 8 9 10 11 12 13 14 15 16 | 16.3
Conjurations   | 1 2 3 4 5 6 7 8 9 10 11 12 13 14 15 | 15.1
Hexes          | 1 2 3 4 5 6 7 8 9 10 11 12 13 14 15 | 15.1
Summonings     | 1 2 3 4 5 6 7 8 9 10 11 12 13 14 15 | 15.1
Necromancy     | 1 2 3 4 5 6 7 8 9 10 11 12 13 14 15 | 15.1
Translocations | 1 2 3 4 5 6 7 8 9 10 11 12 13 14 15 | 15.1
Fire Magic     | 1 2 3 4 5 6 7 8 9 10 11 12 13 14 15 | 15.1
Ice Magic      | 1 2 3 4 5 6 7 8 9 10 11 12 13 14 15 | 15.1
Air Magic      | 1 2 3 4 5 6 7 8 9 10 11 12 13 14 15 | 15.1
Earth Magic    | 1 2 3 4 5 6 7 8 9 10 11 12 13 14 15 | 15.1
Alchemy        | 1 2 3 4 5 6 7 8 9 10 11 12 13 14 15 | 15.1
Dodging        | 3 4 5 6 7 8 9 10 11 12 13 14 15 16 17 | 17.9
Armour         | 5 6 7 8 9 10 11 12 13 14 15 16 17 18 | 18.2
Fighting       | 7 8 9 10 11 12 13 14 15 16 17 18 | 18.7
Maces & Flails | 7 8 9 10 11 12 13 14 15 16 17 18 | 18.7

Action                     |  1- 3 |  4- 6 |  7- 9 | 10-12 | 13-15 | 16-18 | 19-21 | 22-24 | 25-27 || total
---------------------------+-------+-------+-------+-------+-------+-------+-------+-------+-------++-------
  Melee: Mace              |    69 |    89 |   170 |    51 |       |       |       |       |       ||   379
         Bite              |     1 |    19 |    17 |    19 |    73 |    78 |   218 |   102 |    54 ||   581
         Quarterstaff      |       |   101 |       |       |       |       |       |       |       ||   101
         Headbutt          |       |    15 |    32 |    39 |   152 |     5 |       |    38 |    32 ||   313
         Rapier            |       |       |       |   102 |   588 |   128 |    44 |       |       ||   862
         Kick              |       |       |       |       |     9 |       |       |       |       ||     9
         Demon whip        |       |       |       |       |       |   347 |   208 |       |       ||   555
         Quick blade       |       |       |       |       |       |       |   631 |    13 |       ||   644
         Staff             |       |       |       |       |       |       |       |   425 |   224 ||   649
   Fire: Orcbow            |       |       |       |   268 |       |       |       |       |       ||   268
  Throw: Boomerang         |       |     9 |     2 |    13 |     1 |       |       |       |       ||    25
         Dart              |       |       |     1 |     3 |     2 |     1 |     3 |    13 |     7 ||    30
   Cast: Call Canine Famil |       |     1 |       |     6 |       |       |       |       |       ||     7
         Maxwell's Portabl |       |       |       |    20 |    19 |    11 |     5 |    11 |     5 ||    71
         Summon Blazeheart |       |       |       |     2 |    38 |    32 |    15 |     6 |     2 ||    95
         Lee's Rapid Decon |       |       |       |       |   113 |    67 |   196 |    65 |    40 ||   481
         Animate Dead      |       |       |       |       |     8 |     4 |       |       |       ||    12
         Permafrost Erupti |       |       |       |       |    15 |    30 |    20 |    93 |    76 ||   234
         Conjure Ball Ligh |       |       |       |       |    10 |     8 |     5 |     7 |       ||    30
         Yara's Violent Un |       |       |       |       |     8 |    20 |    70 |    32 |    11 ||   141
         Freezing Cloud    |       |       |       |       |       |   237 |   146 |    62 |    56 ||   501
         Borgnjor's Vile C |       |       |       |       |       |       |    15 |    50 |     1 ||    66
         Death Channel     |       |       |       |       |       |       |       |     2 |       ||     2
         Haunt             |       |       |       |       |       |       |       |     5 |    18 ||    23
         Bombard           |       |       |       |       |       |       |       |       |    51 ||    51
         Spellforged Servi |       |       |       |       |       |       |       |       |     2 ||     2
 Invoke: Renounce Religion |       |       |       |       |     1 |       |       |       |       ||     1
  Evoke: Wand              |       |       |    19 |    18 |     5 |     4 |     4 |     2 |    20 ||    72
         Condenser vane    |       |       |       |     1 |     3 |       |     1 |     1 |       ||     6
         Phial of floods   |       |       |       |     1 |     1 |       |     1 |       |       ||     3
         Phantom mirror    |       |       |       |       |     1 |     1 |       |       |       ||     2
         Box of beasts     |       |       |       |       |       |     1 |     1 |       |       ||     2
    Use: Scroll            |     2 |     3 |     3 |    18 |    11 |     6 |    17 |    12 |    19 ||    91
         Potion            |       |     4 |     2 |     4 |     9 |     3 |     1 |    10 |    21 ||    54
   Stab: Sleeping          |       |       |     1 |     3 |    15 |     2 |    13 |    10 |     1 ||    45
         Paralysed         |       |       |    11 |     6 |       |     2 |     2 |     2 |     3 ||    26
         Petrified         |       |       |     1 |       |       |       |       |     4 |       ||     5
         Distracted        |       |       |       |       |     3 |     2 |     4 |     4 |     2 ||    15
         Confused          |       |       |       |       |     3 |       |     2 |       |       ||     5
         Petrifying        |       |       |       |       |       |       |     1 |     2 |       ||     3
 Armour: Leather armour    |    41 |     6 |       |       |       |       |       |       |       ||    47
         Scale mail        |       |   171 |    93 |       |       |       |       |       |       ||   264
         Skin              |       |    10 |    14 |       |       |       |       |       |       ||    24
         Steam dragon scal |       |       |    42 |   155 |       |       |       |       |       ||   197
         Troll leather arm |       |       |       |   179 |   450 |   491 |   303 |       |       ||  1423
         Swamp dragon scal |       |       |       |       |       |       |    60 |   154 |       ||   214
         Quicksilver drago |       |       |       |       |       |       |       |   126 |   300 ||   426
  Dodge: Dodged            |    34 |   110 |    86 |   352 |   467 |   395 |   317 |   254 |   184 ||  2199
  Block: Buckler           |       |       |       |       |    31 |   190 |       |       |       ||   221
         Kite shield       |       |       |       |       |       |    19 |   513 |   342 |   255 ||  1129

Table legend: (Time is in decaauts)
 A = Elapsed time spent in this place.
 B = Non-inter-level travel time spent in this place.
 C = Inter-level travel time spent in this place.
 D = Time resting spent in this place.
 E = Time spent auto-exploring this place.
 F = Levels seen in this place.
 G = Mean time per level.
                   A        B        C        D        E       F      G
               +--------+--------+--------+--------+--------+-----+--------+
         Total |  60489 |  49016 |  11473 |   4185 |  26260 |  54 | 1120.2 |
       Dungeon |  18108 |  12182 |   5926 |    213 |   7952 |  15 | 1207.2 |
          Lair |   6359 |   5000 |   1359 |    195 |   3425 |   5 | 1271.8 |
         Swamp |   3812 |   3616 |    196 |    314 |   1924 |   4 |  953.0 |
     Snake Pit |   5122 |   4774 |    348 |    697 |   2371 |   4 | 1280.5 |
    Slime Pits |   2471 |   2334 |    137 |    766 |    579 |   5 |  494.2 |
  Orcish Mines |   3163 |   2169 |    994 |    176 |   1137 |   2 | 1581.5 |
   Elven Halls |   5374 |   4658 |    716 |    530 |   1816 |   3 | 1791.3 |
        Vaults |   5524 |   4247 |   1277 |    413 |   1870 |   4 | 1381.0 |
        Depths |   8157 |   7640 |    517 |    418 |   4740 |   4 | 2039.2 |
           Zot |   1054 |   1054 |      0 |    310 |      0 |   5 |  210.8 |
         Trove |     78 |     78 |      0 |      0 |      0 |   1 |   78.0 |
       Volcano |    473 |    473 |      0 |      8 |    210 |   1 |  473.0 |
        Wizlab |    789 |    789 |      0 |    142 |    232 |   1 |  789.0 |
               +--------+--------+--------+--------+--------+-----+--------+

Top non-repeatable levels by time:
Depths:4: 2827 daAuts
   Orc:2: 2552 daAuts
Vaults:1: 2520 daAuts
Depths:3: 2223 daAuts
   Elf:3: 2202 daAuts
     D:9: 1992 daAuts
 Snake:4: 1962 daAuts
Depths:2: 1932 daAuts
   Elf:2: 1751 daAuts
Vaults:2: 1712 daAuts
     D:4: 1662 daAuts
    D:10: 1574 daAuts
    D:14: 1542 daAuts
  Lair:5: 1488 daAuts
  Lair:1: 1467 daAuts
